 Dungeon Crawl Stone Soup version 0.31-a0-542-gdc2a67831c (webtiles) character file.

Game seed: 16138795182782344313

11792383 Majang the Petrodigitator (level 27, 175/175 HPs)
             Began as a Gargoyle Earth Elementalist on Aug 2, 2023.
             Was the Champion of Vehumet.
             Escaped with the Orb
             ... and 12 runes on Aug 14, 2023!
             The game lasted 14:06:28 (87400 turns).

Majang the Petrodigitator (GrEE)                   Turns: 87400, Time: 14:06:29

Health: 175/175    AC: 28    Str: 20 (21) XL:     27
Magic:  54/54      EV: 21    Int: 38 (42) God:    Vehumet [******]
Gold:   19361      SH:  0    Dex: 16      Spells: 0/80 levels left

rFire   + + +        b - staff "Koliv" {rF+ rN++ Fire}
rCold   + + +        N - sphere of Battle
rNeg    + + +        g - +0 robe of Cuzel {rCorr Int+3}
rPois   ∞            J - +2 helmet "Caskidon" {Harm Drain rF++ rC+}
rElec   +            i - +0 cloak of Freedom {Str+4 Int+5}
rCorr   +            w - +2 pair of gloves {Stlth+}
SInv    +            q - -2 pair of boots "Nadatay" {rC+ SInv}
Will    ++++.        S - amulet of Roistakh {RegenMP rC+ Str+5}
Stlth   +++          A - ring of the Circus Animal {*Corrode rF+ Str+3 Int+6 Dex+2}
HPRegen 0.49/turn    R - ring of Yesterday {Will+ Str-5 Dex+4 SInv Stlth+}
MPRegen 0.74/turn

%: corrode self (3%), harm (+30% outgoing, +20% incoming)
@: flying, studying 8 skills
A: sickness immunity, AC +20, big wings, negative energy resistance 1,
electricity resistance, torment resistance 1, petrification resistance, claws 1,
deterioration 1, strong-willed 1
0: Orb of Zot
}: 12/15 runes: serpentine, barnacled, slimy, silver, golden, icy, abyssal,
demonic, glowing, magical, fiery, dark
a: Renounce Religion


You escaped.
You worshipped Vehumet.
Vehumet was exalted by your worship.
You visited 15 branches of the dungeon, and saw 67 of its levels.
You visited Pandemonium 1 time, and saw 11 of its levels.
You visited the Abyss 1 time.
You visited 1 bazaar.
You completed 1 ziggurat, and saw 27 of its levels.
You also visited: Gauntlet and Ice Cave.

You collected 24712 gold pieces.
You spent 5351 gold pieces at shops.

Inventory:

Hand Weapons
 c - the +6 arbalest "Damnation" {damnation}
   (You found it on level 9 of the Dungeon)
 C - the +6 sword of Cerebov {flame}
   (You took it off Cerebov in Pandemonium)
Missiles
 d - 13 silver javelins
 K - 8 javelins
Armour
 g - the +0 robe of Cuzel (worn) {rCorr Int+3}
   (You found it on level 18 of a ziggurat)

   Int+3:     It affects your intelligence (+3).
   rCorr:     It protects you from acid and corrosion.
 i - the +0 cloak of Freedom (worn) {Str+4 Int+5}
   (You bought it in a shop on level 3 of the Elven Halls)

   Str+4:     It affects your strength (+4).
   Int+5:     It affects your intelligence (+5).
 q - the -2 pair of boots "Nadatay" (worn) {rC+ SInv}
   (You found it in an ice cave)

   rC+:       It protects you from cold.
   SInv:      It lets you see invisible.
 w - a +2 pair of gloves of stealth (worn)
 J - the +2 helmet "Caskidon" (worn) {Harm Drain rF++ rC+}
   (You found it on level 2 of the Crypt)

   rF++:      It greatly protects you from fire.
   rC+:       It protects you from cold.
   Drain:     It drains your maximum health when unequipped.
   Harm:      It increases damage dealt and taken.
 N - the sphere of Battle (worn)
   (You found it in a Gauntlet)

   Battle:    It summons a battlesphere in combat, with strength depending on
   Conjurations skill.
   Destructive: It enhances your destructive magic, and weakens non-destructive
   magic.
Magical Staves
 a - the staff "Qequri" {rC+ Str+2 Int+3 Dex+3 Earth}
   (You found it in Pandemonium)

   [staff of earth]

   Base accuracy: +5 Base damage: 5 Base attack delay: 1.2 This weapon's minimum
   attack delay (0.6) is reached at skill level 12.
   Str+2:     It affects your strength (+2).
   Int+3:     It affects your intelligence (+3).
   Dex+3:     It affects your dexterity (+3).
   rC+:       It protects you from cold.
   Earth:     It increases the power of your Earth spells.
   It falls into the 'Staves' category.
   It is a one-handed weapon.
 b - the staff "Koliv" (weapon) {rF+ rN++ Fire}
   (You found it on level 24 of a ziggurat)

   [staff of fire]

   Base accuracy: +5 Base damage: 5 Base attack delay: 1.2 This weapon's minimum
   attack delay (0.6) is reached at skill level 12.
   rF+:       It protects you from fire.
   rN++:      It greatly protects you from negative energy.
   Fire:      It increases the power of your Fire spells.
   It falls into the 'Staves' category.
   It is a one-handed weapon.
Jewellery
 A - the ring of the Circus Animal (left hand) {*Corrode rF+ Str+3 Int+6 Dex+2}
   (You found it in Pandemonium)

   [ring of intelligence]

   Str+3:     It affects your strength (+3).
   Int+6:     It affects your intelligence (+6).
   Dex+2:     It affects your dexterity (+2).
   rF+:       It protects you from fire.
   *Corrode:  It may corrode you when you take damage.
 R - the ring of Yesterday (right hand) {Will+ Str-5 Dex+4 SInv Stlth+}
   (You found it on level 1 of the Vaults)

   [ring of willpower]

   Str-5:     It affects your strength (-5).
   Dex+4:     It affects your dexterity (+4).
   Will+:     It increases your willpower.
   SInv:      It lets you see invisible.
   Stlth+:    It makes you more stealthy.
 S - the amulet of Roistakh (around neck) {RegenMP rC+ Str+5}
   (You found it on level 5 of the Pits of Slime)

   [amulet of magic regeneration]

   RegenMP:   It increases your rate of magic regeneration.
   Str+5:     It affects your strength (+5).
   rC+:       It protects you from cold.
Wands
 y - a wand of quicksilver (122)
 G - a wand of roots (171)
 I - a wand of digging (24)
Scrolls
 h - 35 scrolls of teleportation
 m - 20 scrolls of blinking
 u - 21 scrolls of immolation
 F - 20 scrolls of fog
 P - 9 scrolls of revelation
 Q - 7 scrolls of summoning
Potions
 f - 16 potions of cancellation
 j - 8 potions of ambrosia
 k - 42 potions of curing
 o - 19 potions of heal wounds
 p - 9 potions of haste
 r - 9 potions of magic
 s - 5 potions of invisibility
 t - 32 potions of mutation
 z - 7 potions of brilliance
 E - 4 potions of resistance
Miscellaneous
 e - a lightning rod (4/4)
 l - the horn of Geryon
 H - a condenser vane
 O - 2 +1 figurines of a ziggurat


   Skills:
 + Level 18.7 Fighting
 - Level 12.0 Staves
 + Level 17.2 Throwing
 + Level 15.6 Dodging
 + Level 12.6 Stealth
 O Level 27 Spellcasting
 O Level 27 Conjurations
 * Level 26.0 Necromancy
 - Level 2.0 Transmutations
 O Level 27 Fire Magic
 O Level 27 Earth Magic
 + Level 18.3 Evocations


You couldn't memorise any spells.
You knew the following spells:

 Your Spells              Type           Power      Damage    Failure   Level
a - Borgnjor's Vile Clut  Necr/Erth      45%        N/A       0%          5
b - Lehudib's Crystal Sp  Conj/Erth      78%        10d17     1%          8
c - Fireball              Conj/Fire      91%        3d33      0%          5
f - Fire Storm            Conj/Fire      91%        8d23      1%          9
i - Ignition              Fire           91%        3d23      1%          8
l - Lee's Rapid Deconstr  Erth           78%        3d35*     0%          5
q - Shatter               Erth           78%        3d57*     1%          9
r - Irradiate             Conj/Tmut      63%        3d32      1%          5
u - Leda's Unmaking       Conj/Erth      78%        9d13      0%          6
w - Passwall              Tmut/Erth      57%        N/A       0%          2
y - Apportation           Tloc           50%        N/A       1%          1
B - Borgnjor's Revivific  Necr           45%        N/A       1%          8
D - Death's Door          Necr           45%        N/A       1%          9

Your spell library contained the following spells:

 Spells                   Type           Power      Damage    Failure   Level
 Foxfire                  Conj/Fire      100%       2x1d9     0%          1
 Kiss of Death            Conj/Necr      100%       2d13      0%          1
 Magic Dart               Conj           100%       1d8       0%          1
 Necrotise                Necr           100%       1d9       0%          1
 Sandblast                Erth           100%       2d20      0%          1
 Shock                    Conj/Air       100%       1d9       0%          1
 Momentum Strike          Conj/Tloc      100%       3d10      0%          2
 Scorch                   Fire           100%       2d9       0%          2
 Searing Ray              Conj           100%       2d8       0%          2
 Static Discharge         Conj/Air       100%       2-7/arc   0%          2
 Dazzling Flash           Conj/Hex       100%       N/A       0%          3
 Hailstorm                Conj/Ice       100%       3d20      0%          3
 Ignite Poison            Fire/Tmut/Pois 100%       N/A       0%          3
 Inner Flame              Hex/Fire       100%       N/A       0%          3
 Stone Arrow              Conj/Erth      100%       3d13      0%          3
 Vampiric Draining        Necr           90%        2d12      0%          3
 Volatile Blastmotes      Fire/Tloc      100%       2d18      0%          3
 Anguish                  Hex/Necr       33%        N/A       0%          4
 Animate Armour           Summ/Erth      100%       N/A       0%          4
 Animate Dead             Necr           90%        N/A       0%          4
 Dispel Undead            Necr           90%        3d29      0%          4
 Flame Wave               Conj/Fire      100%       2d21      0%          4
 Fulminant Prism          Conj/Hex       62%        3d26      0%          4
 Iskenderun's Mystic Bla  Conj/Tloc      100%       2d19      0%          4
 Leda's Liquefaction      Hex/Erth       33%        N/A       0%          4
 Petrify                  Tmut/Erth      69%        N/A       0%          4
 Sticky Flame             Conj/Fire      100%       2d11      0%          4
 Agony                    Necr           90%        N/A       0%          5
 Iskenderun's Battlesphe  Conj           100%       2d15      0%          5
 Death Channel            Necr           45%        N/A       0%          6
 Starburst                Conj/Fire      91%        6d23      0%          6
 Orb of Destruction       Conj           78%        9d18      0%          7
 Freeze                   Ice            100%       1d10      1%          1
 Slow                     Hex            100%       N/A       1%          1
 Sting                    Tmut/Pois      100%       1d8       1%          1
 Summon Small Mammal      Summ           100%       N/A       1%          1
 Blink                    Tloc           50%        N/A       1%          2
 Call Imp                 Summ           50%        N/A       1%          2
 Ensorcelled Hibernation  Hex/Ice        50%        N/A       1%          2
 Poisonous Vapours        Pois/Air       100%       N/A       1%          2
 Wereblood                Tmut           33%        N/A       1%          2
 Call Canine Familiar     Summ           25%        N/A       1%          3
 Confusing Touch          Hex            25%        N/A       1%          3
 Frozen Ramparts          Ice            100%       1d16      1%          3
 Gell's Gravitas          Tloc           25%        N/A       1%          3
 Mephitic Cloud           Conj/Pois/Air  100%       N/A       1%          3
 Ozocubu's Armour         Ice            25%        N/A       1%          3
 Portal Projectile        Hex/Tloc       50%        N/A       1%          3
 Summon Guardian Golem    Hex/Summ       25%        N/A       1%          3
 Swiftness                Air            25%        N/A       1%          3
 Teleport Other           Tloc           25%        N/A       1%          3
 Vhi's Electric Charge    Tloc/Air       50%        N/A       1%          3
 Airstrike                Air            33%        2d(5-21)  1%          4
 Olgreb's Toxic Radiance  Pois           67%        N/A       1%          4
 Arcjolt                  Conj/Air       62%        1d72      1%          5
 Freezing Cloud           Conj/Ice/Air   54%        6-21      1%          5
 Yara's Violent Unravell  Hex/Tmut       36%        3d15      1%          5
 Conjure Ball Lightning   Conj/Air       62%        3x3d22    1%          6
 Plasma Beam              Fire/Air       74%        2x1d91    1%          6
 Simulacrum               Ice/Necr       33%        N/A       1%          6
 Haunt                    Necr/Summ      33%        N/A       1%          7
 Spellforged Servitor     Conj/Summ      62%        N/A       1%          7
 Infestation              Necr           45%        N/A       1%          8
 Cause Fear               Hex            12%        N/A       3%          4
 Manifold Assault         Tloc           25%        N/A       3%          4
 Passage of Golubria      Tloc           25%        N/A       3%          4
 Summon Ice Beast         Ice/Summ       25%        N/A       3%          4
 Summon Lightning Spire   Summ/Air       25%        N/A       3%          4
 Alistair's Intoxication  Tmut/Pois      19%        N/A       6%          5
 Metabolic Englaciation   Hex/Ice        12%        N/A       10%         5
 Silence                  Hex/Air        12%        N/A       10%         5
 Summon Forest            Summ/Tloc      12%        N/A       10%         5
 Summon Mana Viper        Hex/Summ       25%        N/A       10%         5
 Eringya's Noxious Bog    Tmut/Pois      36%        4d6       10%         6
 Chain Lightning          Conj/Air       62%        3d82      32%         9
 Dispersal                Tloc           12%        N/A       47%         6
 Summon Cactus Giant      Summ           12%        N/A       47%         6
 Ozocubu's Refrigeration  Ice            33%        4d14      56%         7
 Enfeeble                 Hex            12%        N/A       96%         7
 Malign Gateway           Summ/Tloc      12%        N/A       96%         7
 Monstrous Menagerie      Summ           12%        N/A       96%         7
 Summon Hydra             Summ           12%        N/A       96%         7
 Maxwell's Capacitive Co  Air            33%        ∞         99%         8
 Discord                  Hex            12%        N/A       100%        8
 Disjunction              Tloc           12%        N/A       100%        8
 Summon Horrible Things   Summ           12%        N/A       100%        8
 Dragon's Call            Summ           12%        N/A       100%        9
 Polar Vortex             Ice            33%        12d4*     100%        9
 Cigotuvi's Dreadful Rot  Necr/Pois/Air  Unusable   N/A       N/A         2
 Sublimation of Blood     Necr           Unusable   N/A       N/A         2

Dungeon Overview and Level Annotations

Branches:
Dungeon (15/15)            Temple (1/1) D:5            Lair (5/5) D:10
 Shoals (4/4) Lair:3        Snake (4/4) Lair:3        Slime (5/5) Lair:5
    Orc (2/2) D:12            Elf (3/3) Orc:2        Vaults (5/5) D:14
  Crypt (3/3) Vaults:3       Tomb (3/3) Crypt:3      Depths (4/4) D:15
   Hell (visited)             Dis (0/7) Hell            Geh (0/7) Hell
    Coc (7/7) Hell            Tar (0/7) Hell            Zot (5/5) Depths:4
  IceCv (visited)         Gauntlet (visited)

Altars:
Ashenzari
Cheibriados
Dithmenos
Elyvilon
Fedhas
Gozag
Hepliaklqana
Kikubaaqudgha
Makhleb
Nemelex Xobeh
Okawaru
Qazlal
Ru
Sif Muna
Trog
Uskayaw
Vehumet
Wu Jian
Xom
Yredelemnul
Zin
The Shining One
Jiyva

Shops:
D:2 !   D:4 (   D:6 !   D:12 *   Orc:1 =   Orc:2 !*?(   Elf:2 =*   Elf:3 [
Shoals:1 (:[   Shoals:2 *   Depths:1 =:=   Depths:3 [:

Portals:
Hell: Depths:1 Depths:2 Depths:3 Depths:4
Abyss: Depths:1 Depths:3 Depths:4
Pandemonium: Depths:2 Depths:4


Innate Abilities, Weirdness & Mutations

You are immune to sickness and miasma.
Your stone body is resilient. (AC +20)
You are immune to poison.
Your large and strong wings let you fly.
You resist negative energy. (rN+)
You are resistant to electric shocks. (rElec)
You are resistant to unholy torment.
You are immune to petrification.
You have sharp fingernails.
Your body sometimes deteriorates upon taking damage.
You are strong-willed. (Will+)


Message History

You fly upwards.
Your summoned ally is left behind.
Your battlesphere wavers and loses cohesion.
There is a stone staircase leading down here.
There is a stone staircase leading up here.
You fly upwards.
There is a stone staircase leading down here.
Casting: Leda's Unmaking (safe; 0% risk of failure)
Confirm with . or Enter, or press ? or * to list all spells.
Aiming: Passwall (safe; 0% risk of failure)
Press: ? - help, Dir - move target A rock wall.
This square is covered in magical glow.
You feel a numb sensation.
You begin to meditate on the wall.
You continue meditating on the rock.
Magic restored.
You continue meditating on the rock.
You finish merging with the rock.
There is a stone staircase leading up here.
You fly upwards.
There is a stone staircase leading down here.
There is a stone staircase leading up here.
You fly upwards.
There is a stone staircase leading down here.
There is an escape hatch in the ceiling here.
A mysterious force pulls you upwards. The hatch slams shut behind you.
You see here a +0 leather armour.
Unknown command.
Casting: Passwall (safe; 0% risk of failure)
Confirm with . or Enter, or press ? or * to list all spells.
Aiming: Passwall (safe; 0% risk of failure)
Press: ? - help, Dir - move target A rock wall.
This square is covered in magical glow.
You feel a numb sensation.
You begin to meditate on the wall.
You continue meditating on the rock. x2
Magic restored.
You continue meditating on the rock. x2
You finish merging with the rock.
There is a staircase leading out of the dungeon here.
You have escaped!

###.......##....#...###........#
###.........######..## ######.#.#
..#....8....##..(##.# #.#.#
#.#...........##...####### #.#.#
####.......######### #...####.#.#
###...######...####........#.#
####.### ##.......####.####.#.#
###...### #.........# #.........
#.......####....@....# ######....
.........##..........# #.###
....8......##.......## #.#
.........######...### #.#
#.......###########.# #.#
###...###...........#########.###
#####.########.#..............#
#.#.###### #.#>#####.####.#.#
#........# #.#.# #.####.#.#


There were no monsters in sight!

Vanquished Creatures
  Cerebov (Pan)
  Antaeus (Coc:7)
  the Royal Jelly (Slime:5)
  Gloorx Vloq (Pan)
  Mnoleg (Pan)
  A seraph (Pan)
  Lom Lobon (Pan)
  7 dread liches
  15 ancient liches
  13 orbs of fire
  14 juggernauts
  Josephina (Zot:4)
  32 royal mummies
  Vashnia (Snake:3)
  Boris (thrice) (Depths:4 Vaults:5 Tomb:3)
  Xtahua (Crypt:2)
  The ghost of Fopulom the Metallomancer, a veteran GrEE of Ashenzari (Depths:4)
  Margery (Vaults:5)
  29 shard shrikes
  3 Killer Klowns
  5 caustic shrikes
  11 golden dragons
  A profane servitor (Crypt:3)
  2 curse toes
  Nikola (Shoals:2)
  the Enchantress (Depths:2)
  Geryon (Hell)
  2 pearl dragons (Pan)
  5 Tzitzimimeh
  4 iron giants
  5 pandemonium lords
  4 Brimstone Fiends
  4 bone dragons
  A hellephant (Zig:26)
  6 electric golems
  Zenata (Vaults:3)
  32 Ice Fiends
  4 Hell Sentinels
  6 liches
  30 tentacled monstrosities
  29 Orb Guardians
  24 titans
  8 deep elf blademasters
  7 deep elf master archers
  12 quicksilver dragons
  A walking divine tome (Zig:13)
  55 acid blobs
  Polyphemus (Shoals:3)
  9 death cobs
  3 krakens
  A walking frostbound tome (Depths:3)
  11 sphinxes
  20 Executioners
  10 tentacled starspawn
  The ghost of Gargoyl the Severer, an adept GrBe of Trog (Vaults:2)
  25 ancient champions
  9 draconian monks
  9 revenants
  15 shadow dragons
  4 tengu reavers
  10 storm dragons
  A storm dragon (shapeshifter) (Depths:4)
  4 nagarajas
  33 azure jellies
  2 draconian knights
  15 rockslimes
  4 iron dragons
  Aizul (Elf:1)
  15 frost giants
  The ghost of gyole the Metamorph, an adept SpHu of Gozag (Elf:1)
  6 deep elf sorcerers
  18 vault wardens
  14 daevas (Pan)
  22 fire giants
  A fire giant (shapeshifter) (Vaults:2)
  8 draconian shifters
  32 narguns
  10 demonspawn warmongers
  7 deep elf elementalists
  The ghost of Kiciri the Slicer, an adept DsGl of Okawaru (Shoals:2)
  9 draconian scorchers
  9 shard shrike simulacra
  A caustic shrike zombie (Hell)
  The ghost of Hallut the Thrower, a journeyman OgFi (D:14)
  4 draconian stormcallers
  9 curse skulls
  The ghost of Valo the Severer, a journeyman MiBe of Trog (Lair:4)
  11 ghost moths
  32 balrugs
  7 war gargoyles
  The ghost of Gargoyl the Severer, a journeyman GrBe of Trog (D:12)
  23 quicksilver oozes
  28 ironbound preservers
  20 very ugly things
  9 reapers
  5 spriggan defenders (Depths:2)
  21 angels (Pan)
  19 orc warlords
  7 demonspawn corrupters
  6 ghouls
  7 draconian annihilators
  13 cacodemons
  26 stone giants
  2 broodmothers (Zig:12)
  25 apis (Pan)
  19 formless jellyfish
  7 demonspawn blood saints
  A juggernaut skeleton (Crypt:1)
  An ironbound thunderhulk (Vaults:3)
  16 ophanim (Pan)
  8 demonspawn black suns
  The ghost of Odeis the Spear-Bearer, a journeyman OpCK of Hepliaklqana (D:14)
  The ghost of Odeis the Spear-Bearer, a journeyman OpCK of Hepliaklqana (D:14)
  9 deep elf demonologists
  5 black draconians
  9 deep elf annihilators
  20 elemental wellsprings
  12 purple draconians
  18 green draconians
  14 vampire knights
  15 lorocyprocas
  10 bennus
  47 wendigos
  5 spark wasps
  17 dire elephants
  17 white draconians
  A minotaur (Gauntlet)
  14 red draconians
  3 merfolk javelineers
  18 yellow draconians
  9 blizzard demons
  13 iron golems
  12 eidola
  20 mummy priests
  17 ettins
  The ghost of Kous the Skirmisher, a journeyman DsMo of Dithmenos (D:14)
  A quicksilver dragon zombie (Hell)
  17 green deaths
  13 merfolk impalers
  9 crystal guardians
  13 jiangshi
  8 deep elf death magi
  13 fire dragons
  22 great orbs of eyes
  3 entropy weavers
  17 deep elf high priests
  20 yaktaur captains
  9 hydras
  3 salamander tyrants
  15 ice dragons
  4 spriggan zombies
  5 rakshasas
  6 peacekeepers
  14 centaur warriors
  6 catoblepae
  12 caustic shrike simulacra
  2 spriggan skeletons
  32 vault guards
  23 ironbound frosthearts
  4 death knights
  3 merfolk avatars
  5 spriggan air magi
  2 radroaches (Zig:12)
  5 juggernaut simulacra
  10 boulder beetles
  7 ogre magi
  3 satyrs
  29 dancing weapons
  7 anacondas
  9 two-headed ogres
  13 death yaks
  6 merfolk aquamancers
  5 hell hogs
  2 alligator snapping turtles (Shoals:4)
  5 tengu warriors
  A spectral stone giant (Crypt:3)
  12 vampire magi
  12 naga warriors
  8 deep troll earth magi
  12 demonic crawlers
  5 deep troll shamans
  21 hell knights
  21 orc high priests
  A bennu skeleton (Crypt:2)
  14 naga sharpshooters
  5 spriggan berserkers
  9 shock serpents
  11 thrashing horrors
  21 soul eaters
  16 shadow wraiths
  44 sun demons
  A storm dragon skeleton (Tomb:1)
  11 wretched stars
  14 deep elf knights
  4 salamander mystics
  13 iron trolls
  4 skysharks
  5 spatial maelstroms
  13 sixfirhies
  4 fire crabs (Zig:23)
  3 quicksilver dragon simulacra
  A death drake (shapeshifter) (Vaults:4)
  15 sea snakes
  A bunyip zombie (Crypt:1)
  65 deep trolls
  A golden dragon zombie (Crypt:2)
  43 skeletal warriors
  2 deep trolls (shapeshifter)
  2 orb spiders (Zig:12)
  4 shadow demons
  19 wizards
  4 obsidian statues
  2 pharaoh ants (Zig:12)
  8 lindwurms
  A steelbarb worm (Zig:12)
  7 glowing orange brains
  14 cherubim (Pan)
  An orb spider (shapeshifter) (Zig:7)
  8 naga ritualists
  15 spriggan simulacra
  An iron giant skeleton (Pan)
  11 deep elf archers
  10 orc knights
  11 flayed ghosts
  21 phantasmal warriors
  26 ironbound convokers
  3 orange crystal statues
  A glowing orange brain (shapeshifter) (Vaults:1)
  2 steelbarb worms (shapeshifter) (Vaults:5)
  39 deep elf zephyrmancers
  18 necromancers
  A lindwurm (shapeshifter) (Vaults:5)
  16 orc sorcerers
  29 ugly things
  27 harpies
  43 large abominations
  36 deep elf pyromancers
  7 mana vipers
  A glowing shapeshifter (Zig:16)
  14 fauns
  11 cyclopes
  2 wolf spiders
  27 shining eyes
  20 manticores
  A moth of wrath (shapeshifter) (Vaults:5)
  14 salamanders
  A worldbinder (Abyss:5)
  A black mamba (shapeshifter) (Elf:1)
  An iron dragon skeleton (Crypt:1)
  3 stone giant skeletons
  26 black mambas
  A faun (shapeshifter) (Vaults:5)
  4 guardian serpents
  45 moths of wrath
  14 vault sentinels
  7 rust devils (Hell)
  2 water nymphs (shapeshifter)
  2 dire elephant zombies (Crypt:2)
  7 merfolk sirens
  A guardian serpent (shapeshifter) (Elf:1)
  16 naga magi
  6 titan simulacra
  17 eyes of devastation
  7 gargoyles
  16 orange demons
  An apocalypse crab (Zig:13)
  15 elephants
  5 molten gargoyles (Hell)
  A naga skeleton (Pan)
  A cane toad (shapeshifter) (D:14)
  43 smoke demons
  2 water nymphs
  15 hellions
  17 cane toads
  6 ice statues
  An unseen horror (D:12)
  5 torpor snails
  An eye of devastation (shapeshifter) (Elf:1)
  3 alligator snapping turtle skeletons
  13 komodo dragons
  8 freezing wraiths
  A centaur skeleton (Pan)
  3 anaconda simulacra
  4 tengu conjurers
  A sea snake zombie (Crypt:2)
  3 komodo dragons (shapeshifter)
  3 unseen horror zombies
  10 rime drakes
  8 efreet
  3 golden dragon simulacra
  23 yaktaurs
  3 bunyip simulacra
  10 ancient zymes
  14 tormentors
  52 guardian mummies
  10 ice devils
  A hydra zombie (Crypt:1)
  22 merfolk
  A spectral harpy (Crypt:3)
  18 trolls
  6 red devils
  A merfolk (shapeshifter) (Vaults:3)
  10 polar bears
  3 meliai (D:14)
  A queen bee (shapeshifter) (D:15)
  37 hellwings
  A tarantella (Zig:12)
  A shadow dragon simulacrum (Zot:4)
  8 wind drakes
  20 hornets
  4 iron dragon simulacra
  39 blink frogs
  19 snapping turtles
  5 raiju
  A great orb of eyes zombie (Crypt:1)
  2 harpy skeletons
  6 dream sheep (Shoals:3)
  A frost giant simulacrum (Zig:11)
  A satyr zombie (Crypt:2)
  2 stone giant simulacra
  54 flying skulls
  127 slime creatures
  A guardian serpent skeleton (Crypt:2)
  Sigmund (D:4)
  8 air elementals
  A black mamba zombie (Hell)
  2 culicivoras
  3 ettin skeletons
  A jumping spider (Zig:12)
  7 shadows
  12 spriggans
  22 ynoxinuls
  A vampire (D:13)
  A fire dragon skeleton (Crypt:2)
  3 centaur simulacra
  7 dire elephant simulacra
  5 wyverns
  An ice dragon skeleton (Crypt:1)
  26 ushabtiu
  5 fire elementals
  4 basilisks
  37 starcursed masses
  18 water elementals
  13 wraiths
  29 yaks
  Grum (D:11)
  4 naga simulacra
  26 neqoxecs
  21 golden eyes
  A golden eye (shapeshifter) (D:14)
  11 chaos spawn
  4 steam dragons
  4 vampire mosquitoes (D:14)
  The ghost of Raymar the Slasher, an amateur HuRe of Qazlal (D:3)
  A white draconian simulacrum (Zot:4)
  5 redbacks
  A naga (shapeshifter) (Vaults:5)
  12 wargs
  47 nagas
  3 swamp worms (shapeshifter)
  3 acid dragons
  20 water moccasins
  20 harpy simulacra
  A hydra simulacrum (Coc:7)
  A demonspawn skeleton (Crypt:1)
  A faun skeleton (Crypt:2)
  2 moth of wrath simulacra (Zot:4)
  13 hell hounds
  6 floating eyes
  6 ettin simulacra
  2 ice beasts
  62 orc warriors
  A black bear (shapeshifter) (Elf:1)
  A hornet zombie (Crypt:2)
  3 black bears
  A fire dragon simulacrum (Coc:1)
  A tengu (shapeshifter) (Vaults:5)
  29 wolves
  19 ogres
  4 boggarts
  A snapping turtle skeleton (Crypt:2)
  7 centaurs
  A blink frog skeleton (Crypt:2)
  A phantom (D:7)
  2 elf zombies (Elf:1)
  A fire crab zombie (Crypt:1)
  2 kobold brigands
  2 salamander zombies (Crypt:1)
  21 bullfrogs
  9 earth elementals
  3 scorpions
  7 necrophages
  2 gnoll sergeants
  A hornet simulacrum (D:14)
  6 wights
  A swamp dragon simulacrum (Hell)
  A killer bee (shapeshifter) (Elf:1)
  5 killer bees (D:10)
  4 electric eels
  6 howler monkeys
  A centaur zombie (D:9)
  8 crimson imps (Pan)
  A human zombie (D:9)
  2 hounds
  A jelly (shapeshifter) (Elf:1)
  4 jellies
  24 orc priests
  A gnoll bouda (Zig:25)
  Jessica (D:3)
  An iguana (D:5)
  56 orc wizards
  3 small abominations
  A killer bee zombie (D:9)
  55 mummies
  3 howler monkey zombies (D:9)
  7 adders
  8 gnolls
  A river rat (shapeshifter) (Elf:1)
  2 shadow imps (D:6)
  3 white imps
  An ufetubus (D:4)
  An iguana zombie (Crypt:2)
  An adder zombie (Crypt:2)
  A worm (D:4)
  2 dart slugs
  65 orcs
  An orc (shapeshifter) (Elf:1)
  7 ball pythons
  A bat (D:2)
  An endoplasm (shapeshifter) (Elf:1)
  6 endoplasms
  2 giant cockroaches
  4 goblins
  4 hobgoblins
  3 jackals (D:3)
  15 kobolds
  2 quokkas (D:2)
  3 frilled lizards
  3 rats
  11 fire vortices
  3 starspawn tentacles
  7 tentacles
4450 creatures vanquished.

Vanquished Creatures (collateral kills)
  2 royal mummies (Tomb:3)
  A walking earthen tome (Depths:3)
  2 acid blobs
  A storm dragon (Zot:2)
  A shadow dragon (Zot:3)
  A fire giant (Zig:23)
  An orc warlord (Zig:22)
  An angel (Pan)
  A formless jellyfish (Zig:21)
  An apis (Pan)
  A stone giant (Depths:4)
  A lorocyproca (Pan)
  A red draconian (Zot:2)
  A cherub (Pan)
  A wizard (Pan)
  4 starcursed masses
  A moth of wrath (Zot:1)
  An orange demon (Pan)
  An anaconda simulacrum (Coc:6)
  A harpy zombie (Tomb:3)
  A snapping turtle (Zig:4)
  4 slime creatures
  A centaur simulacrum (Coc:1)
  A small abomination (Crypt:3)
  A golden eye (Zig:26)
  A harpy simulacrum (Coc:7)
  A floating eye (Pan)
  A large abomination (Zig:26)
  An orc warrior (Zig:22)
  4 mummies
41 creatures vanquished.

Vanquished Creatures (others)
  An eldritch tentacle (Pan)
  A balrug (Zig:20)
  2 demonspawn blood saints (Zig:20)
  A sun demon (Pan)
  A sixfirhy (Pan)
  A spriggan simulacrum (Coc:7)
  A smoke demon (Pan)
  A water elemental (Depths:1)
  A harpy simulacrum (Coc:7)
  An orc wizard (D:9)
  An orc (Orc:2)
  A quokka (D:6)
  719 fire vortices
  7 starspawn tentacles
  5 tentacles
744 creatures vanquished.

Grand Total: 5235 creatures vanquished

Notes
Turn   | Place    | Note
-------+----------+-------------------------------------------
     0 | D:1      | Majang the Gargoyle Earth Elementalist began the quest for
                  | the Orb.
     0 | D:1      | Reached XP level 1. HP: 10/10 MP: 3/3
   365 | D:1      | Reached XP level 2. HP: 13/15 MP: 0/5
   603 | D:2      | Found Bacwul's Distillery.
   672 | D:2      | Bought a potion of heal wounds for 65 gold pieces
   846 | D:2      | Reached XP level 3. HP: 15/19 MP: 4/7
   864 | D:2      | Learned a level 3 spell: Stone Arrow
  1599 | D:3      | Noticed Jessica
  1602 | D:3      | Killed Jessica
  1603 | D:3      | Reached skill level 1 in Conjurations
  1603 | D:3      | Reached XP level 4. HP: 24/24 MP: 7/9
  1620 | D:3      | Found a blossoming altar of Fedhas.
  1815 | D:3      | Reached XP level 5. HP: 28/28 MP: 8/10
  2220 | D:3      | Found a runed translucent door.
  2221 | D:3      | Noticed Raymar's ghost (amateur HuRe)
  2497 | D:4      | Reached skill level 5 in Earth Magic
  2497 | D:4      | Reached XP level 6. HP: 24/32 MP: 5/12
  2686 | D:4      | Reached skill level 1 in Fighting
  2737 | D:4      | Noticed Sigmund
  2742 | D:4      | Killed Sigmund
  2743 | D:4      | Reached skill level 1 in Staves
  2743 | D:4      | Reached skill level 1 in Evocations
  2743 | D:4      | Reached XP level 7. HP: 38/38 MP: 9/14
  2794 | D:4      | Found an opulent altar of Gozag.
  2804 | D:4      | Found a shadowy altar of Dithmenos.
  2849 | D:4      | Found Budewk's Antique Weapon Shop.
  2895 | D:4      | Reached skill level 5 in Spellcasting
  2975 | D:4      | Identified the +1 leather armour "Qipp" {rCorr Dex+3}
  3194 | D:5      | Entered Level 5 of the Dungeon
  3252 | D:5      | Found a staircase to the Ecumenical Temple.
  3261 | Temple   | Entered the Ecumenical Temple
  3276 | Temple   | Became a worshipper of Vehumet
  3643 | D:5      | Reached XP level 8. HP: 44/44 MP: 13/15
  4432 | D:6      | Found Ivylum's Distillery.
  4560 | D:6      | Bought a potion of heal wounds for 55 gold pieces
  4607 | D:6      | Found a white marble altar of Elyvilon.
  4885 | D:7      | Reached * piety under Vehumet
  4885 | D:7      | Offered knowledge of Shock by Vehumet.
  5177 | D:7      | Reached XP level 9. HP: 51/51 MP: 14/18
  5461 | D:7      | Noticed a deep elf pyromancer
  5469 | D:7      | Killed a deep elf pyromancer
  5988 | D:8      | Reached skill level 5 in Conjurations
  6080 | D:8      | Offered knowledge of Freeze by Vehumet.
  6082 | D:8      | Reached ** piety under Vehumet
  6163 | D:8      | Reached XP level 10. HP: 57/58 MP: 7/20
  6369 | D:8      | Reached skill level 5 in Fighting
  6703 | D:9      | Found a stormy altar of Qazlal.
  6703 | D:9      | Found a hazy altar of Hepliaklqana.
  6950 | D:9      | Offered knowledge of Mephitic Cloud by Vehumet.
  7106 | D:9      | Reached skill level 5 in Staves
  7184 | D:9      | Noticed a deep elf pyromancer
  7184 | D:9      | Noticed a cyclops
  7196 | D:9      | Killed a deep elf pyromancer
  7202 | D:9      | Killed a cyclops
  7312 | D:9      | Found the +6 arbalest "Damnation" {damnation}
  7316 | D:9      | Reached XP level 11. HP: 64/64 MP: 23/23
  7446 | D:9      | Found a hide-covered altar of Uskayaw.
  7577 | D:9      | Reached *** piety under Vehumet
  7590 | D:9      | Found an ancient bone altar of Kikubaaqudgha.
  7964 | D:10     | Entered Level 10 of the Dungeon
  7998 | D:10     | Identified the +10 hand axe of Quick Death {heavy, rPois
                  | rF+ rC-}
  8094 | D:10     | Reached skill level 5 in Dodging
  8098 | D:10     | Offered knowledge of Olgreb's Toxic Radiance by Vehumet.
  8141 | D:10     | Found a sacrificial altar of Ru.
  8303 | D:10     | Reached skill level 5 in Evocations
  8680 | D:10     | Reached **** piety under Vehumet
  8904 | D:10     | Found a staircase to the Lair.
  8912 | D:10     | Identified the +2 scale mail "Muduheh" {Drain rCorr Dex+6
                  | SInv}
  8917 | Lair:1   | Entered Level 1 of the Lair of Beasts
  8945 | Lair:1   | Upgraded the game from 0.31-a0-437-g7cee417757 to
                  | 0.31-a0-446-g07c4bd200f
  9040 | Lair:1   | Offered knowledge of Freezing Cloud by Vehumet.
  9535 | Lair:1   | Learned a level 6 spell: Starburst
  9571 | Lair:1   | Reached XP level 12. HP: 69/72 MP: 2/25
  9599 | Lair:1   | Reached skill level 1 in Fire Magic
 10470 | Lair:2   | Reached ***** piety under Vehumet
 10480 | Lair:1   | Offered knowledge of Fireball by Vehumet.
 10487 | Lair:1   | Learned a level 5 spell: Fireball
 10813 | Lair:2   | Reached skill level 10 in Spellcasting
 11618 | Lair:2   | Found a blossoming altar of Fedhas.
 12025 | Lair:3   | Reached XP level 13. HP: 78/78 MP: 22/27
 12053 | Lair:3   | Reached skill level 10 in Earth Magic
 12094 | Lair:3   | Found a staircase to the Shoals.
 12312 | Lair:3   | Reached skill level 5 in Fire Magic
 12592 | Lair:3   | Identified the +6 chain mail "Gamp" {Harm rF++ rN+ Stlth+}
 12744 | Lair:3   | Found a staircase to the Snake Pit.
 12998 | Lair:4   | You are sucked into a shaft and drop 1 floor!
 12998 | Lair:5   | Entered Level 5 of the Lair of Beasts
 13476 | Lair:4   | Found a runed translucent gate.
 13476 | Lair:4   | Found a runed translucent gate.
 13476 | Lair:4   | Found a runed translucent gate.
 13801 | Lair:4   | Noticed Valo's ghost (journeyman MiBe)
 14214 | D:3      | Killed Raymar's ghost
 14555 | Lair:5   | Offered knowledge of Conjure Ball Lightning by Vehumet.
 14556 | Lair:5   | Gained mutation: Your large and strong wings let you fly.
                  | [Gargoyle growth]
 14556 | Lair:5   | Reached XP level 14. HP: 79/84 MP: 22/29
 14882 | Lair:5   | Found a viscous altar of Jiyva.
 14882 | Lair:5   | Found a staircase to the Slime Pits.
 15628 | Lair:5   | Learned a level 2 spell: Passwall
 16224 | Lair:5   | Noticed a dire elephant
 16230 | Lair:5   | Killed a dire elephant
 16974 | D:11     | Found a gate leading to a gauntlet.
 16983 | Gauntlet | Entered a Gauntlet
 16983 | Gauntlet | Found a transporter.
 16993 | Gauntlet | Found a transporter.
 16993 | Gauntlet | Found a transporter.
 16995 | Gauntlet | Found a transporter.
 17016 | Gauntlet | Found a transporter.
 17025 | Gauntlet | Found a transporter.
 17033 | Gauntlet | Found a transporter.
 17051 | Gauntlet | Found a transporter.
 17068 | Gauntlet | Found a transporter.
 17098 | Gauntlet | Found a transporter.
 17128 | Gauntlet | Found a transporter.
 17133 | Gauntlet | Found a transporter.
 17158 | Gauntlet | Found a transporter.
 17160 | Gauntlet | Noticed a dire elephant
 17164 | Gauntlet | Found a transporter.
 17166 | Gauntlet | Found a transporter.
 17189 | Gauntlet | Found a transporter.
 17194 | Gauntlet | Found a transporter.
 17244 | Gauntlet | Found a transporter.
 17531 | Gauntlet | Killed a dire elephant
 17669 | Gauntlet | Identified the +2 long sword of the Well-Known Hells
                  | {flame, Will+ Int+3}
 17670 | Gauntlet | Identified the +1 hat of Mithraho {rC+}
 17700 | Gauntlet | Found the sphere of Battle
 17730 | Gauntlet | Got Vukk's Papyrus of Heated Distance
 17732 | Gauntlet | Identified the +4 kite shield of the Gravedigger {rElec
                  | Int+2}
 17853 | D:11     | Noticed Grum
 17855 | D:11     | Killed Grum
 18191 | D:12     | Found a staircase to the Orcish Mines.
 18452 | D:12     | Found Mamebus's General Store.
 18510 | D:12     | Found a runed translucent gate.
 18511 | D:12     | Found a runed translucent gate.
 18512 | D:12     | Found a runed translucent gate.
 18514 | D:12     | Noticed Gargoyl's ghost (journeyman GrBe)
 18641 | D:12     | You are sucked into a shaft and drop 2 floors!
 18772 | D:14     | Reached XP level 15. HP: 91/91 MP: 24/31
 18813 | D:14     | Found a runed translucent gate.
 18814 | D:14     | Found a runed translucent gate.
 18815 | D:14     | Found a runed translucent gate.
 18816 | D:14     | Noticed Hallut's ghost (journeyman OgFi)
 18816 | D:14     | Noticed Kous's ghost (journeyman DsMo)
 18855 | D:14     | Offered knowledge of Irradiate by Vehumet.
 18862 | D:14     | Learned a level 5 spell: Irradiate
 18905 | D:14     | Found a frozen archway.
 18914 | IceCv    | Entered an ice cave
 19098 | IceCv    | Reached skill level 10 in Conjurations
 19355 | IceCv    | Noticed a frost giant
 19355 | IceCv    | Noticed a frost giant
 19359 | IceCv    | Killed a frost giant
 19360 | IceCv    | Killed a frost giant
 19598 | IceCv    | Reached skill level 10 in Fighting
 19653 | IceCv    | Identified the ring of the Platytaur {Ice rN+}
 19659 | IceCv    | Identified the -2 pair of boots "Nadatay" {rC+ SInv}
 20518 | Orc:1    | Entered Level 1 of the Orcish Mines
 20738 | Orc:1    | Offered knowledge of Leda's Unmaking by Vehumet.
 20903 | D:12     | Learned a level 6 spell: Leda's Unmaking
 20927 | Orc:1    | You are sucked into a shaft and drop 1 floor!
 20927 | Orc:2    | Entered Level 2 of the Orcish Mines
 21187 | Orc:1    | Found Koexzusae's Jewellery Emporium.
 21193 | Orc:1    | Bought an amulet of magic regeneration for 330 gold pieces
 21710 | Orc:2    | Found a staircase to the Elven Halls.
 21765 | Orc:2    | Paralysed by an orc sorcerer for 5 turns
 21770 | Orc:2    | Offered knowledge of Iskenderun's Battlesphere by Vehumet.
 21813 | Orc:2    | Reached XP level 16. HP: 97/97 MP: 24/32
 22050 | Orc:2    | Found Tutiolof's Antique Weapon Boutique.
 22050 | Orc:2    | Found Effub's Assorted Antiques.
 22054 | Orc:2    | Found Suutwi Padeu's Magic Scroll Boutique.
 22054 | Orc:2    | Found Ujeot's Distillery.
 22063 | Orc:2    | Bought a potion of heal wounds for 70 gold pieces
 22063 | Orc:2    | Bought a potion of brilliance for 56 gold pieces
 22063 | Orc:2    | Bought a potion of heal wounds for 70 gold pieces
 22063 | Orc:2    | Bought 2 potions of heal wounds for 140 gold pieces
 22064 | Orc:2    | Bought a scroll of blinking for 195 gold pieces
 22068 | Orc:2    | Bought a scroll of teleportation for 36 gold pieces
 22316 | Shoals:1 | Entered Level 1 of the Shoals
 22316 | Shoals:1 | Found Sefufua's Book Emporium.
 22346 | Shoals:1 | Identified the +6 chain mail "Unas" {Harm Regen+ Str-4
                  | Slay+5}
 22353 | Shoals:1 | Bought a book of the Earth for 576 gold pieces
 22359 | Shoals:1 | Learned a level 5 spell: Lee's Rapid Deconstruction
 22405 | Shoals:1 | Reached skill level 10 in Fire Magic
 22517 | Shoals:1 | Reached skill level 1 in Transmutations
 22685 | Shoals:1 | Noticed a kraken
 22691 | Shoals:1 | Killed a kraken
 22716 | Shoals:1 | Found Jytsuoq's Antique Armour Shop.
 22730 | Shoals:1 | Bought a slimy robe for 136 gold pieces
 22730 | Shoals:1 | Identified the +1 robe of Mysticism {Drain *Slow +Blink
                  | rC+++} (You bought it in a shop on level 1 of the Shoals)
 22930 | Shoals:1 | Found Veuqaocea's Antique Weapon Boutique.
 23361 | Shoals:2 | Noticed Nikola
 23410 | Shoals:2 | Killed Nikola
 23502 | Shoals:2 | Found a transporter.
 23531 | Shoals:2 | Found a transporter.
 23590 | Shoals:2 | Found a bloodstained altar of Trog.
 23597 | Shoals:2 | Noticed Kiciri's ghost (adept DsGl)
 23771 | Shoals:2 | Found Socirupp's Gadget Gallery.
 23803 | Shoals:3 | Reached skill level 10 in Staves
 24075 | Shoals:3 | Reached ****** piety under Vehumet
 24133 | Shoals:3 | Offered knowledge of Arcjolt by Vehumet.
 24232 | Shoals:3 | Noticed Polyphemus
 24238 | Shoals:3 | Killed Polyphemus
 24495 | Shoals:3 | Noticed a kraken
 24500 | Shoals:3 | Killed a kraken
 24501 | Shoals:3 | Reached XP level 17. HP: 90/102 MP: 13/34
 24829 | Shoals:4 | Entered Level 4 of the Shoals
 24872 | Shoals:4 | Noticed a kraken
 24879 | Shoals:4 | Killed a kraken
 24910 | Shoals:4 | Identified the +3 lajatang "Ged Isoe" {spect, Fragile rElec
                  | Dex+3}
 25648 | Shoals:4 | Offered knowledge of Lehudib's Crystal Spear by Vehumet.
 25658 | Shoals:4 | Learned a level 8 spell: Lehudib's Crystal Spear
 25847 | Shoals:4 | Got a barnacled rune of Zot
 25944 | Shoals:4 | Identified the +6 war axe of False Hope {flame, Str+3}
 26016 | Shoals:4 | Identified a scroll of acquirement
 26017 | Shoals:4 | Acquired a staff of conjuration
 26291 | Lair:1   | Upgraded the game from 0.31-a0-446-g07c4bd200f to
                  | 0.31-a0-472-g43a2ca8e1b
 26363 | Snake:1  | Entered Level 1 of the Snake Pit
 27769 | Snake:2  | Found a runed translucent door.
 28259 | Snake:3  | Reached XP level 18. HP: 107/107 MP: 32/36
 28264 | Snake:3  | Reached skill level 10 in Evocations
 28267 | Snake:3  | Noticed Vashnia
 28641 | Snake:3  | Killed Vashnia
 29084 | Snake:3  | Found an ornate altar of the Wu Jian Council.
 29513 | Snake:4  | Entered Level 4 of the Snake Pit
 29798 | Snake:4  | Offered knowledge of Fire Storm by Vehumet.
 29798 | Snake:4  | Offered knowledge of Shatter by Vehumet.
 29798 | Snake:4  | Offered knowledge of Polar Vortex by Vehumet.
 29811 | Snake:4  | Reached skill level 15 in Spellcasting
 29889 | Snake:4  | Learned a level 8 spell: Ignition
 30437 | Snake:4  | Upgraded the game from 0.31-a0-472-g43a2ca8e1b to
                  | 0.31-a0-479-g91c9547826
 30829 | Snake:4  | Reached skill level 10 in Dodging
 30922 | Snake:4  | Got a serpentine rune of Zot
 31165 | Lair:4   | Killed Valo's ghost
 31805 | D:12     | Killed Gargoyl's ghost
 31816 | D:12     | Identified the +2 cloak of Defence {rC+ Str+4 Int+4}
 32247 | D:13     | Reached XP level 19. HP: 112/112 MP: 31/38
 32981 | D:14     | Found a gate to the Vaults.
 32990 | D:14     | Got the Omnibus of the Mind
 33398 | D:14     | Noticed Odeis's ghost (journeyman OpCK)
 33399 | D:14     | Noticed Odeis's ghost (journeyman OpCK)
 33407 | D:14     | Killed Odeis's ghost
 33407 | D:14     | Killed Odeis's ghost
 33409 | D:14     | Killed Kous's ghost
 33411 | D:14     | Killed Hallut's ghost
 33467 | D:14     | Identified the +8 lajatang of the Land of Plenty {heavy,
                  | *Noise rN+ Int+2}
 33949 | D:15     | Entered Level 15 of the Dungeon
 34570 | D:15     | Got Guprog's Verses on the Hornet and the Switch
 34844 | D:15     | Found a staircase to the Depths.
 35258 | Shoals:2 | Reached skill level 15 in Earth Magic
 35304 | Shoals:2 | Killed Kiciri's ghost
 35346 | Shoals:2 | Reached XP level 20. HP: 117/117 MP: 40/40
 35580 | Vaults:1 | Entered Level 1 of the Vaults
 35589 | Vaults:1 | Reached skill level 15 in Fire Magic
 35809 | Vaults:1 | Identified the ring of Yesterday {Will+ Str-5 Dex+4 SInv
                  | Stlth+}
 35921 | Vaults:1 | Upgraded the game from 0.31-a0-479-g91c9547826 to
                  | 0.31-a0-489-g282fc92437
 36329 | Vaults:1 | Identified the amulet "Eduthatz" {Reflect SH+5 Stlth+}
 36589 | Vaults:1 | Reached XP level 21. HP: 122/122 MP: 41/41
 36912 | Vaults:1 | Found a gateway to a bazaar.
 37224 | Vaults:2 | Noticed Gargoyl's ghost (adept GrBe)
 37231 | Vaults:2 | Found a transporter.
 37234 | Vaults:2 | Found a transporter.
 37296 | Vaults:2 | Killed Gargoyl's ghost
 38020 | Vaults:2 | Identified the ring "Ticuakira" {Dex+6 SInv}
 38961 | Vaults:3 | Reached skill level 15 in Conjurations
 39185 | Vaults:3 | Learned a level 9 spell: Shatter
 39286 | Bazaar   | Entered a bazaar
 39286 | Bazaar   | Found Ikkiyc Viu's Distillery.
 39286 | Bazaar   | Found Geajag's Armour Boutique.
 39286 | Bazaar   | Found Muigruy's Antique Armour Shoppe.
 39286 | Bazaar   | Found Noach's Jewellery Shop.
 39288 | Bazaar   | Found Atoh's Armour Shop.
 39334 | Bazaar   | Bought a potion of curing for 27 gold pieces
 39334 | Bazaar   | Bought a potion of curing for 27 gold pieces
 39334 | Bazaar   | Bought a potion of brilliance for 36 gold pieces
 39334 | Bazaar   | Bought a potion of curing for 27 gold pieces
 39334 | Bazaar   | Bought a potion of magic for 72 gold pieces
 39699 | Vaults:3 | Reached XP level 22. HP: 127/127 MP: 43/43
 39909 | Vaults:3 | Noticed Zenata
 39913 | Vaults:3 | Killed Zenata
 40109 | Vaults:3 | Found a staircase to the Crypt.
 40698 | Vaults:3 | Upgraded the game from 0.31-a0-489-g282fc92437 to
                  | 0.31-a0-506-g3d79149578
 42360 | Elf:1    | Entered Level 1 of the Elven Halls
 42427 | Elf:1    | Acquired 931 gold pieces
 42647 | Elf:1    | Found a runed translucent gate.
 42647 | Elf:1    | Found a runed translucent gate.
 42647 | Elf:1    | Found a runed translucent gate.
 42720 | Elf:1    | Found a runed translucent gate.
 42720 | Elf:1    | Found a runed translucent gate.
 42724 | Elf:1    | Noticed gyole's ghost (adept SpHu)
 42727 | Elf:1    | Found a runed translucent gate.
 42755 | Elf:1    | Killed gyole's ghost
 42764 | Elf:1    | Identified the +2 pair of boots "Ediveuwe" {Harm}
 42856 | Elf:1    | Noticed Aizul
 42861 | Elf:1    | Killed Aizul
 42916 | Elf:1    | Got Borgnjor's Octavo of Dark Arts
 42947 | Elf:1    | Reached XP level 23. HP: 132/132 MP: 38/46
 43274 | Elf:1    | Found a radiant altar of Vehumet.
 43953 | Elf:2    | Found Winoqeorch's Assorted Antiques.
 43953 | Elf:2    | Found Goefioce's Jewellery Boutique.
 43963 | Elf:2    | Bought a glowing helmet for 262 gold pieces
 44190 | Elf:2    | Found a huge runed translucent gate.
 44190 | Elf:2    | Found a huge runed translucent gate.
 44190 | Elf:2    | Found a huge runed translucent gate.
 44190 | Elf:2    | Found a huge runed translucent gate.
 44190 | Elf:2    | Found a huge runed translucent gate.
 45101 | Lair:1   | Upgraded the game from 0.31-a0-506-g3d79149578 to
                  | 0.31-a0-516-gfcb59812bd
 45335 | Depths:1 | Entered Level 1 of the Depths
 45602 | Depths:1 | Found a gateway to Hell.
 45805 | Depths:1 | Found Ucuysemea's Jewellery Shoppe.
 45816 | Depths:1 | Found Mehauveth's Book Shop.
 45817 | Depths:1 | Found Xoer's Jewellery Shoppe.
 45991 | Depths:1 | Found a one-way gate to the infinite horrors of the Abyss.
 46457 | Depths:2 | Noticed the Enchantress
 46461 | Depths:2 | Killed the Enchantress
 46522 | Depths:2 | Noticed a juggernaut
 46525 | Depths:2 | Killed a juggernaut
 46943 | Depths:2 | Reached XP level 24. HP: 137/137 MP: 45/47
 46954 | Depths:2 | Learned a level 9 spell: Fire Storm
 46956 | Depths:2 | Found a one-way gate leading to the halls of Pandemonium.
 47028 | Depths:2 | Found a bloodstained altar of Trog.
 47391 | Depths:2 | Upgraded the game from 0.31-a0-516-gfcb59812bd to
                  | 0.31-a0-524-g2a164cf6a2
 47476 | Hell     | Entered the Vestibule of Hell
 47476 | Hell     | Noticed Geryon
 47480 | Hell     | Killed Geryon
 47644 | Hell     | Found a gateway to the Iron City of Dis.
 47712 | Hell     | Found a gateway to the freezing wastes of Cocytus.
 47756 | Hell     | Found a gateway to the decaying netherworld of Tartarus.
 47888 | Hell     | Found a gateway to the ashen valley of Gehenna.
 48839 | Depths:3 | Identified the +7 sling of Generosity {freeze, rElec rCorr
                  | Str-5 Stlth+}
 48853 | Depths:3 | Identified the +1 glaive of Locus Delicti {drain, rCorr
                  | Dex+3}
 49163 | Depths:3 | Found a one-way gateway to a ziggurat.
 49177 | Depths:3 | Found Hem Qio's Armour Emporium.
 49240 | Depths:3 | Identified the ring of Medol {rN+ Str-2 Int+2 Stlth+}
 49434 | Depths:3 | Found Mehoawn's Book Shop.
 49456 | Depths:3 | Bought a Necronomicon for 1188 gold pieces
 49900 | Depths:4 | Entered Level 4 of the Depths
 50115 | Depths:4 | Found a runed translucent door.
 50116 | Depths:4 | Noticed a caustic shrike
 50117 | Depths:4 | Noticed Fopulom's ghost (veteran GrEE)
 50125 | Depths:4 | Killed a caustic shrike
 50126 | Depths:4 | Killed Fopulom's ghost
 50254 | Depths:4 | Reached XP level 25. HP: 120/141 MP: 21/48
 50283 | Depths:4 | Noticed Boris
 50285 | Depths:4 | Killed Boris
 50350 | Depths:4 | Learned a level 1 spell: Apportation
 51081 | D:2      | Bought a potion of mutation for 104 gold pieces
 51081 | D:2      | Bought a potion of haste for 130 gold pieces
 51081 | D:2      | Bought a potion of mutation for 104 gold pieces
 51190 | D:6      | Bought a potion of resistance for 110 gold pieces
 51190 | D:6      | Bought a potion of magic for 88 gold pieces
 51190 | D:6      | Bought 3 potions of ambrosia for 264 gold pieces
 51190 | D:6      | Bought a potion of cancellation for 88 gold pieces
 51351 | D:12     | Bought a lightning rod (4/4) for 330 gold pieces
 51602 | Depths:4 | Acquired 1147 gold pieces
 52087 | Depths:4 | Found a runed translucent door.
 52091 | Depths:4 | Found a runed translucent door.
 52208 | Depths:4 | Found a gate to the Realm of Zot.
 52314 | Depths:4 | Found a runed translucent door.
 52319 | Depths:4 | Found a runed translucent door.
 52331 | Depths:4 | Found a runed translucent door.
 52331 | Depths:4 | Found a runed translucent door.
 53061 | Elf:3    | Entered Level 3 of the Elven Halls
 53140 | Elf:3    | Found Vysoe's Armour Emporium.
 53149 | Elf:3    | Bought the +0 cloak of Freedom {Str+4 Int+5} for 425 gold
                  | pieces
 53184 | Elf:3    | Found an ancient bone altar of Kikubaaqudgha.
 54041 | Elf:3    | Identified the +10 spear "Wyluar" {freeze, rElec Str+3
                  | Stlth+}
 54045 | Elf:3    | Found the +9 scales of the Dragon King {rPois rF+ rC+
                  | Will+}
 54119 | Elf:3    | Got the Teachings on Weather and Geometry
 54122 | Elf:3    | Identified the +3 chain mail of an ice cave {Dex+4}
 54147 | Elf:3    | Identified the +9 hand axe "Sowihiusm" {freeze, rN+}
 54923 | Vaults:5 | Entered Level 5 of the Vaults
 54923 | Vaults:5 | Noticed an ancient lich
 54925 | Vaults:5 | Killed an ancient lich
 54930 | Vaults:5 | Reached XP level 26. HP: 147/147 MP: 49/49
 54931 | Vaults:5 | Noticed Margery
 54933 | Vaults:5 | Killed Margery
 54968 | Vaults:5 | Noticed an ancient lich
 54971 | Vaults:5 | Killed an ancient lich
 54972 | Vaults:5 | Upgraded the game from 0.31-a0-524-g2a164cf6a2 to
                  | 0.31-a0-536-ga3e2962e35
 54975 | Vaults:5 | Identified the +1 leather armour of the Wumpus {Contam
                  | rElec rCorr Dex+4}
 55427 | Vaults:5 | Noticed Boris
 55430 | Vaults:5 | Killed Boris
 55494 | Vaults:5 | Identified the +7 dagger "Fiadwoco" {chaos, rF+ Stlth+}
 55499 | Vaults:5 | Identified the +8 dagger of Flawed Execution {freeze,
                  | rPois}
 55538 | Vaults:5 | Identified the staff "Maas" {rElec Earth}
 55563 | Vaults:5 | Identified the +7 shortbow "Dauv" {drain, rN+ rCorr Dex+3}
 55789 | Vaults:5 | Got a silver rune of Zot
 56228 | Crypt:1  | Entered Level 1 of the Crypt
 56424 | Crypt:1  | Identified the +5 flail of the Sky {flame, +Blink rC+}
 56928 | Crypt:2  | Found a huge runed gate.
 56928 | Crypt:2  | Found a huge runed gate.
 56929 | Crypt:2  | Found a huge runed gate.
 56929 | Crypt:2  | Found a huge runed gate.
 56929 | Crypt:2  | Found a huge runed gate.
 56930 | Crypt:2  | Found a huge runed gate.
 56930 | Crypt:2  | Found a huge runed gate.
 56930 | Crypt:2  | Found a huge runed gate.
 56931 | Crypt:2  | Found a huge runed gate.
 56933 | Crypt:2  | Found a huge runed gate.
 56934 | Crypt:2  | Found a huge runed gate.
 56935 | Crypt:2  | Found a huge runed gate.
 56936 | Crypt:2  | Found a huge runed gate.
 56977 | Crypt:2  | Reached XP level 27. HP: 152/152 MP: 45/50
 56979 | Crypt:2  | Noticed a dread lich
 56980 | Crypt:2  | Killed a dread lich
 57047 | Crypt:2  | Identified the +0 spear of the Spider Nest {flame, rN+}
 57055 | Crypt:2  | Identified the +2 helmet "Caskidon" {Harm Drain rF++ rC+}
 57069 | Crypt:2  | Identified the +2 short sword of Zetumac {chaos, rPois rF+
                  | Int+3 Dex+3}
 57087 | Crypt:2  | Learned a level 8 spell: Borgnjor's Revivification
 57237 | Crypt:2  | Noticed Xtahua
 57242 | Crypt:2  | Killed Xtahua
 57575 | Crypt:3  | Entered Level 3 of the Crypt
 57612 | Crypt:3  | Reached skill level 1 in Necromancy
 57857 | Crypt:3  | Found an ancient bone altar of Kikubaaqudgha.
 58237 | Crypt:3  | Found a staircase to the Tomb.
 58249 | Crypt:3  | Found the +10 morningstar "Eos" {elec, Halo rElec}
 58249 | Crypt:3  | Found the +7 great mace "Undeadhunter" {deathbane, rN+}
 58462 | Crypt:3  | Identified the +7 short sword of the Sage {heavy, rC++ rN+
                  | Stlth-}
 58928 | Depths:1 | Bought a ring of resist corrosion for 340 gold pieces
 59161 | Slime:1  | Entered Level 1 of the Pits of Slime
 61202 | Slime:3  | Reached skill level 5 in Necromancy
 61367 | Slime:5  | Entered Level 5 of the Pits of Slime
 61398 | Slime:5  | Found the +7 Spriggan's Knife {stab, EV+4 Stlth+}
 61478 | Slime:5  | Found a viscous altar of Jiyva.
 61485 | Slime:5  | Identified the ring "Diocummo" {Contam rPois rN+ Dex+6
                  | SInv}
 61494 | Slime:5  | Got the Opusculum on the Nasty Arsonist
 61495 | Slime:5  | Identified the +5 broad axe of Heotush {flame, rN+ SInv}
 61497 | Slime:5  | Identified the +7 longbow of Sikeq {antimagic, Str+2}
 61518 | Slime:5  | Noticed the Royal Jelly
 61520 | Slime:5  | Killed the Royal Jelly
 61616 | Slime:5  | Gained mutation: You occasionally lose the ability to read
                  | scrolls when taking damage. [a shining eye]
 61659 | Slime:5  | Identified the +8 dagger of Wohad {freeze, rF++ Will+
                  | Stlth-}
 61667 | Slime:5  | Identified the amulet of Roistakh {RegenMP rC+ Str+5}
 61709 | Slime:5  | Got a slimy rune of Zot
 61743 | Slime:5  | Identified the +4 eveningstar of Kismet {vamp, Drain rElec
                  | rN+ Str+3}
 61769 | Slime:5  | Identified the +7 chain mail of Resilience {Rampage
                  | *Corrode Dex+3}
 62673 | Depths:4 | Voluntarily entered the Abyss.
 62963 | Abyss:4  | Found a corrupted altar of Lugonu.
 63027 | Abyss:5  | Found a corrupted altar of Lugonu.
 63031 | Abyss:5  | Got an abyssal rune of Zot
 63055 | Depths:4 | Escaped the Abyss
 63178 | Zot:1    | Entered Level 1 of the Realm of Zot
 63468 | Zot:1    | You are sucked into a shaft and drop 1 floor!
 65326 | Zot:2    | Noticed an ancient lich
 65327 | Zot:2    | Killed an ancient lich
 66990 | Zot:4    | Identified the staff "Eluqymot" {rC+ Will+ Ice}
 66990 | Zot:4    | Identified the ring of Nileu {Ice rElec rPois Will- Dex-3}
 66990 | Zot:4    | Noticed Josephina
 66992 | Zot:4    | Killed Josephina
 67573 | Zot:4    | Acquired 1176 gold pieces
 68122 | Zot:5    | Entered Level 5 of the Realm of Zot
 68531 | Zot:5    | Noticed an orb of fire
 68532 | Zot:5    | Gained mutation: Your spells are a little easier to cast,
                  | but a little less powerful. [an orb of fire]
 68534 | Zot:5    | Noticed an ancient lich
 68535 | Zot:5    | Killed an ancient lich
 68536 | Zot:5    | Killed an orb of fire
 68553 | Zot:5    | Noticed a dread lich
 68553 | Zot:5    | Noticed an ancient lich
 68555 | Zot:5    | Killed an ancient lich
 68555 | Zot:5    | Killed a dread lich
 68557 | Zot:5    | Noticed an ancient lich
 68560 | Zot:5    | Killed an ancient lich
 68622 | Zot:5    | Lost mutation: You occasionally lose the ability to read
                  | scrolls when taking damage. [potion of mutation]
 68622 | Zot:5    | Lost mutation: Your spells are a little easier to cast, but
                  | a little less powerful. [potion of mutation]
 68622 | Zot:5    | Gained mutation: You have sharp fingernails. [potion of
                  | mutation]
 68651 | Zot:5    | Noticed an ancient lich
 68654 | Zot:5    | Killed an ancient lich
 68655 | Zot:5    | Reached skill level 10 in Necromancy
 68733 | Zot:5    | Noticed a dread lich
 68735 | Zot:5    | Killed a dread lich
 68824 | Zot:5    | Noticed an ancient lich
 68827 | Zot:5    | Killed an ancient lich
 68934 | Zot:5    | Noticed an orb of fire
 68937 | Zot:5    | Killed an orb of fire
 68941 | Zot:5    | Noticed an orb of fire
 68944 | Zot:5    | Killed an orb of fire
 68954 | Zot:5    | Noticed an ancient lich
 68955 | Zot:5    | Killed an ancient lich
 68974 | Zot:5    | Noticed an ancient lich
 68975 | Zot:5    | Killed an ancient lich
 68976 | Zot:5    | Killed an ancient lich
 69135 | Zot:5    | Identified the +2 scale mail of Ignis's Felicitations
                  | {+Blink rElec Dex-4 SInv}
 69751 | Pan      | Entered Pandemonium
 69796 | Pan      | Found an exit through the horrors of the Abyss.
 69846 | Pan      | Gained mutation: You are strong-willed. (Will+) [a neqoxec]
 69931 | Pan      | Noticed Ybaud the pandemonium lord
 69934 | Pan      | Killed Ybaud the pandemonium lord
 70436 | Pan      | Found a runed translucent door.
 70454 | Pan      | Got a demonic rune of Zot
 70494 | Pan      | Found an exit through the horrors of the Abyss.
 70973 | Pan      | Found a white marble altar of Elyvilon.
 71550 | Pan      | Found a glowing silver altar of Zin.
 71857 | Pan      | Identified the +1 buckler "Adghamyru" {-Cast Rampage Slay+5
                  | Stlth+}
 72213 | Pan      | Noticed a seraph
 72215 | Pan      | Killed a seraph
 72216 | Pan      | Reached skill level 15 in Fighting
 72275 | Pan      | Found a glowing golden altar of the Shining One.
 72302 | Pan      | Got the Spellbook of Turbulence
 72309 | Pan      | Identified the staff "Vyegim" {rPois rF++ Poison}
 72426 | Pan      | Entered the realm of Lom Lobon.
 73262 | Pan      | Noticed Lom Lobon
 73266 | Pan      | Killed Lom Lobon
 73400 | Pan      | Got a magical rune of Zot
 73595 | Pan      | Found a transporter.
 73599 | Pan      | Identified the +8 short sword of the Open Hand {freeze,
                  | Str-2 Dex+4}
 73599 | Pan      | Identified the ring "Ciugg" {rPois rC+ Int+3}
 73654 | Pan      | Identified the ring of the Circus Animal {*Corrode rF+
                  | Str+3 Int+6 Dex+2}
 73661 | Pan      | Got the Atlas of Context
 73672 | Pan      | Found a transporter.
 73721 | Pan      | Entered the realm of Mnoleg.
 73763 | Pan      | Noticed Mnoleg
 73768 | Pan      | Killed Mnoleg
 73770 | Pan      | Got a glowing rune of Zot
 73980 | Pan      | Gained mutation: Your body sometimes deteriorates upon
                  | taking damage. [a neqoxec]
 74027 | Pan      | Found an exit through the horrors of the Abyss.
 74070 | Pan      | Entered the realm of Cerebov.
 74240 | Pan      | Found an exit through the horrors of the Abyss.
 74472 | Pan      | Identified the +0 robe of the Platytaur {Rampage rF+ rC++
                  | Dex-3}
 74808 | Pan      | Got the Atlas of the Throng
 74812 | Pan      | Identified the staff "Qequri" {rC+ Str+2 Int+3 Dex+3 Earth}
 74816 | Pan      | Identified the +1 mace of Ziff {drain, +Blink rPois Will-
                  | rCorr}
 75077 | Pan      | Found the +6 sword of Cerebov {flame}
 75077 | Pan      | Noticed Cerebov
 75083 | Pan      | Killed Cerebov
 75220 | Pan      | Got a fiery rune of Zot
 75443 | Pan      | Got the Incunabulum of Space and the Mesa
 75445 | Pan      | Identified the +1 scimitar "Qulov" {heavy, Str+2 SInv}
 75501 | Pan      | Found a runed translucent door.
 75502 | Pan      | Found a runed translucent door.
 75504 | Pan      | Noticed Wuiqorud the pandemonium lord
 75516 | Pan      | Killed Wuiqorud the pandemonium lord
 75676 | Pan      | Found a runed translucent door.
 75681 | Pan      | Found a runed translucent door.
 75684 | Pan      | Entered the realm of Gloorx Vloq.
 76337 | Pan      | Noticed Gloorx Vloq
 76342 | Pan      | Killed Gloorx Vloq
 76343 | Pan      | Reached skill level 15 in Necromancy
 76451 | Pan      | Got a dark rune of Zot
 76639 | Pan      | Found a huge runed translucent gate.
 76642 | Pan      | Found a huge runed translucent gate.
 76643 | Pan      | Found a huge runed translucent gate.
 76643 | Pan      | Found a huge runed translucent gate.
 76643 | Pan      | Found a huge runed translucent gate.
 76643 | Pan      | Found a huge runed translucent gate.
 76644 | Pan      | Found a huge runed translucent gate.
 76649 | Pan      | Noticed Myfica the pandemonium lord
 76653 | Pan      | Killed Myfica the pandemonium lord
 76665 | Depths:4 | Escaped Pandemonium
 76760 | Hell     | Learned a level 9 spell: Death's Door
 77816 | Zig:1    | Entered Level 1 of a ziggurat
 77833 | Zig:2    | Entered Level 2 of a ziggurat
 77845 | Zig:2    | Identified the +9 long sword of Peace {drain, rF+ Str-3
                  | Int+5 Dex+3}
 77850 | Zig:3    | Entered Level 3 of a ziggurat
 77862 | Zig:3    | Identified the +6 longbow "Hiulysawk" {freeze, rElec rC-
                  | Str+7}
 77879 | Zig:4    | Entered Level 4 of a ziggurat
 77885 | Zig:4    | Reached skill level 1 in Throwing
 77906 | Zig:5    | Entered Level 5 of a ziggurat
 77929 | Zig:6    | Entered Level 6 of a ziggurat
 77951 | Zig:6    | Identified the +7 mace of the Inferno {spect, +Blink rF+}
 77958 | Zig:6    | Identified the +0 flail of Lihiyfaz {freeze, rPois Str+2}
 77971 | Zig:7    | Entered Level 7 of a ziggurat
 78015 | Zig:7    | Killed a dread lich
 78016 | Zig:7    | Noticed an ancient lich
 78019 | Zig:7    | Killed an ancient lich
 78041 | Zig:7    | Identified the +5 mace "Gouskurph" {drain, rF+ Will- Str+6
                  | Dex+2}
 78050 | Zig:7    | Identified the +4 hand axe of the Arena {heavy, Drain Str+3
                  | Dex+2}
 78054 | Zig:8    | Entered Level 8 of a ziggurat
 78061 | Zig:8    | Found the +7 sceptre of Torment {pain, torment}
 78116 | Zig:9    | Entered Level 9 of a ziggurat
 78144 | Zig:9    | Identified the amulet "Kesiruys" {Spirit *Slow rPois SInv
                  | Stlth+}
 78150 | Zig:10   | Entered Level 10 of a ziggurat
 78182 | Zig:10   | Identified the ring "Kelycloy" {rCorr Int-2 Dex+6}
 78190 | Zig:11   | Entered Level 11 of a ziggurat
 78200 | Zig:11   | Found the +5 moon troll leather armour {Spirit, Regen++
                  | MP+5}
 78226 | Zig:11   | Identified the +1 hand crossbow "Hegh" {drain, rF+ Str+2}
 78232 | Zig:12   | Entered Level 12 of a ziggurat
 78246 | Zig:12   | Found the +4 Cigotuvi's embrace {Corpsefed rMiasma Drain
                  | rN+}
 78246 | Zig:12   | Found the +0 pair of fencer's gloves {Riposte Dex+3}
 78267 | Zig:12   | Identified the +5 sling of Irhaiz {flame, Will+ Dex+6}
 78268 | Zig:12   | Identified the +2 quarterstaff of the Hammering Augurer
                  | {freeze, Dex+3}
 78271 | Zig:12   | Identified the staff "Orekhluig" {Contam rElec rN+++ Int+9
                  | Dex-2 Air}
 78283 | Zig:13   | Entered Level 13 of a ziggurat
 78343 | Zig:13   | Identified the ring "Baonor" {rPois Slay+3}
 78366 | Zig:14   | Entered Level 14 of a ziggurat
 78377 | Zig:14   | Noticed an ancient lich
 78379 | Zig:14   | Killed an ancient lich
 78380 | Zig:14   | Reached skill level 5 in Throwing
 78395 | Zig:14   | Identified the ring of Ogeisese {rPois rF- rC+++ rCorr
                  | Int+4}
 78399 | Zig:14   | Identified the +6 battleaxe of Conservatism {heavy, Dex+3}
 78403 | Zig:14   | Identified the +7 plate armour "Ciotoaf" {Harm Stlth+}
 78404 | Zig:14   | Identified the ring "Iteulin" {Str+6 Dex+3}
 78407 | Zig:14   | Identified the +7 mace of Articulation {drain, rPois Int+2
                  | SInv}
 78411 | Zig:14   | Identified the +6 quarterstaff of the Tundras {flame,
                  | Stlth+}
 78417 | Zig:15   | Entered Level 15 of a ziggurat
 78477 | Zig:15   | Identified the +8 arbalest "Vuwah" {heavy, rElec}
 78482 | Zig:16   | Entered Level 16 of a ziggurat
 78488 | Zig:16   | Noticed a dread lich
 78490 | Zig:16   | Killed a dread lich
 78491 | Zig:16   | Noticed an ancient lich
 78492 | Zig:16   | Killed an ancient lich
 78493 | Zig:16   | Reached skill level 27 in Earth Magic
 78493 | Zig:16   | Noticed an ancient lich
 78496 | Zig:16   | Killed an ancient lich
 78496 | Zig:16   | Noticed a dread lich
 78499 | Zig:16   | Killed a dread lich
 78530 | Zig:16   | Identified the amulet "Farryer" {+Inv Regen+}
 78540 | Zig:16   | Identified the +2 sling of Light {drain, *Corrode rPois rF+
                  | Dex+4}
 78566 | Zig:17   | Entered Level 17 of a ziggurat
 78593 | Zig:17   | Found the brooch of Shielding {Spirit SH+8}
 78603 | Zig:17   | Identified the staff "Beastslayer" {rPois Int+3 Dex+2
                  | Poison}
 78613 | Zig:17   | Identified the +7 arbalest of the Hierophant {antimagic,
                  | SInv Stlth+}
 78614 | Zig:17   | Identified the ring of Jurojeog {rC+ rCorr Str-4 Dex+5
                  | Slay+2}
 78620 | Zig:17   | Identified the +2 plate armour "Qeliu" {rC+ Str-5 Int+3
                  | Stlth+}
 78636 | Zig:18   | Entered Level 18 of a ziggurat
 78653 | Zig:18   | Paralysed by an air elemental for 1 turns
 78701 | Zig:18   | Identified the +11 sling "Rogom" {flame, Int+2 SInv Stlth+}
 78715 | Zig:18   | Identified the ring of Xom's Best Wishes {rPois rF- rCorr
                  | Str-4 Int+9}
 78727 | Zig:18   | Identified the +0 robe of Cuzel {rCorr Int+3}
 78742 | Zig:19   | Entered Level 19 of a ziggurat
 78755 | Zig:19   | Found the +9 sword of Power {lifebolt}
 78769 | Zig:19   | Found the ring of the Tortoise {AC+8}
 78791 | Zig:19   | Identified the staff of Actus Reus {+Blink rF+ rC+ Dex+2
                  | Ice}
 78795 | Zig:19   | Identified the ring of Voycenec {rPois Will+ Slay+3}
 78806 | Zig:19   | Identified the +7 scimitar of Untruth {flame, Int+6}
 78809 | Zig:20   | Entered Level 20 of a ziggurat
 78821 | Zig:20   | Noticed Foilui the pandemonium lord
 78825 | Zig:20   | Killed Foilui the pandemonium lord
 78870 | Zig:20   | Identified the ring of Weujaij {rC++ MP+9 SInv}
 78922 | Zig:21   | Entered Level 21 of a ziggurat
 78962 | Zig:21   | Identified the staff "Fearch" {rElec rF+ rCorr Str-4 Necro
                  | Fire}
 78969 | Zig:21   | Identified the staff of Imbalance {Contam rElec rPois Will+
                  | Str+3 Air}
 78972 | Zig:21   | Identified the +8 spear of the Inviting Weasel {freeze,
                  | rC+}
 78989 | Zig:22   | Entered Level 22 of a ziggurat
 79002 | Zig:22   | Killed a juggernaut
 79003 | Zig:22   | Noticed a juggernaut
 79003 | Zig:22   | Noticed a juggernaut
 79003 | Zig:22   | Noticed a juggernaut
 79005 | Zig:22   | Killed a juggernaut
 79005 | Zig:22   | Killed a juggernaut
 79005 | Zig:22   | Killed a juggernaut
 79108 | Zig:22   | Identified the +4 rapier "Ogrebane" {venom, Str+2}
 79135 | Zig:22   | Acquired 1187 gold pieces
 79137 | Zig:22   | Acquired 634 gold pieces
 79138 | Zig:22   | Acquired a manual of Evocations
 79139 | Zig:22   | Acquired 884 gold pieces
 79140 | Zig:22   | Acquired 678 gold pieces
 79141 | Zig:22   | Acquired 890 gold pieces
 79144 | Zig:23   | Entered Level 23 of a ziggurat
 79150 | Zig:23   | Noticed an orb of fire
 79152 | Zig:23   | Noticed an orb of fire
 79153 | Zig:23   | Noticed an orb of fire
 79154 | Zig:23   | Killed an orb of fire
 79154 | Zig:23   | Noticed an orb of fire
 79155 | Zig:23   | Killed an orb of fire
 79156 | Zig:23   | Reached skill level 10 in Throwing
 79156 | Zig:23   | Killed an orb of fire
 79157 | Zig:23   | Killed an orb of fire
 79157 | Zig:23   | Killed an orb of fire
 79160 | Zig:23   | Noticed an orb of fire
 79161 | Zig:23   | Killed an orb of fire
 79161 | Zig:23   | Noticed an orb of fire
 79162 | Zig:23   | Killed an orb of fire
 79167 | Zig:23   | Killed an orb of fire
 79167 | Zig:23   | Killed an orb of fire
 79168 | Zig:23   | Noticed an orb of fire
 79170 | Zig:23   | Killed an orb of fire
 79213 | Zig:23   | Identified the +0 scale mail of the Sea {rElec rN++ Dex-5
                  | Stlth+}
 79218 | Zig:23   | Identified the ring of Teitabopn {Ice Int+5 Stlth+}
 79233 | Zig:23   | Identified the +3 leather armour "Bylu" {-Tele rF+ rCorr
                  | Int+6}
 79256 | Zig:24   | Entered Level 24 of a ziggurat
 79283 | Zig:24   | Found the +18 shield of the Gong {Loud rN+ Will+ rCorr
                  | EV-5}
 79301 | Zig:24   | Identified the +5 short sword of Impermanence {heavy, rF+
                  | Str+3 Int+2 Dex-4}
 79315 | Zig:24   | Identified the +9 mace of the Heavens {heavy, rF+ Str+3
                  | Stlth+}
 79322 | Zig:24   | Identified the amulet "Elois" {Spirit rF+ Will- Str+5}
 79325 | Zig:24   | Identified the staff "Koliv" {rF+ rN++ Fire}
 79344 | Zig:25   | Entered Level 25 of a ziggurat
 79350 | Zig:25   | Noticed a juggernaut
 79352 | Zig:25   | Noticed a juggernaut
 79353 | Zig:25   | Killed a juggernaut
 79354 | Zig:25   | Reached skill level 27 in Spellcasting
 79356 | Zig:25   | Killed a juggernaut
 79356 | Zig:25   | Noticed a juggernaut
 79357 | Zig:25   | Noticed a juggernaut
 79358 | Zig:25   | Noticed a juggernaut
 79358 | Zig:25   | Noticed a juggernaut
 79359 | Zig:25   | Killed a juggernaut
 79359 | Zig:25   | Killed a juggernaut
 79359 | Zig:25   | Killed a juggernaut
 79359 | Zig:25   | Noticed a juggernaut
 79360 | Zig:25   | Reached skill level 27 in Fire Magic
 79360 | Zig:25   | Killed a juggernaut
 79360 | Zig:25   | Killed a juggernaut
 79361 | Zig:25   | Noticed a juggernaut
 79364 | Zig:25   | Killed a juggernaut
 79364 | Zig:25   | Noticed a juggernaut
 79366 | Zig:25   | Killed a juggernaut
 79436 | Zig:25   | Identified the +4 morningstar of Gozag, Threshing {flame,
                  | *Corrode rF+++ rC+++ Int-2}
 79437 | Zig:25   | Identified the staff of Imbalance {rC+ Stlth+ Earth}
 79439 | Zig:25   | Identified the +1 rapier of Plog {speed, Str-3 Dex+6}
 79442 | Zig:25   | Identified the amulet "Ylabyaff" {Acrobat Dex+2}
 79460 | Zig:25   | Identified the +0 steam dragon scales "Tos Mezi" {rElec}
 79466 | Zig:25   | Got the Parchment of Superposition and Open Graves
 79468 | Zig:25   | Identified the +5 shortbow "Visemilam" {heavy, Drain rPois
                  | rN+++}
 79476 | Zig:25   | Identified the +3 orcbow of Feunwowk {antimagic, rC++ Dex+3
                  | SInv Stlth+}
 79501 | Zig:26   | Entered Level 26 of a ziggurat
 79530 | Zig:26   | Killed a dread lich
 79531 | Zig:26   | Reached skill level 5 in Stealth
 79554 | Zig:26   | Identified the staff "Worm's Wrath" {rF+ Str+5 Fire}
 79563 | Zig:26   | Identified the +4 ring mail of Valiance {rN+ rCorr Str-5}
 79564 | Zig:26   | Identified the amulet of Iguwi {RegenMP rPois}
 79569 | Zig:26   | Identified the staff of Chaos {rC+ Str+4 Int+6 Ice}
 79577 | Zig:26   | Identified the staff "Lan Heji" {rElec rF+ rC+ Air}
 79580 | Zig:26   | Identified the ring "Riempeug" {Wiz Str+3}
 79587 | Zig:27   | Entered Level 27 of a ziggurat
 79633 | Zig:27   | Identified the +3 short sword of Ekhevv Apaw {speed, rElec}
 79659 | Zig:27   | Identified the ring "Fyterch" {MP+9 Str+5 Dex-3}
 79668 | Zig:27   | Identified the +0 chain mail "Ydic" {Will+ Int+2}
 79798 | Hell     | Learned a level 5 spell: Borgnjor's Vile Clutch
 79819 | Coc:1    | Entered Level 1 of Cocytus
 80138 | Coc:5    | Reached skill level 15 in Throwing
 80200 | Coc:6    | Reached skill level 15 in Evocations
 80204 | Coc:6    | Paralysed by a wendigo for 1 turns
 80267 | Coc:6    | Paralysed by a wendigo for 1 turns
 80293 | Coc:7    | Entered Level 7 of Cocytus
 81150 | Coc:7    | Reached skill level 10 in Stealth
 81174 | Coc:7    | Identified the ring "Nasadomm" {rElec rPois Int+6}
 81174 | Coc:7    | Noticed Antaeus
 81179 | Coc:7    | Killed Antaeus
 81279 | Coc:7    | Identified the ring "Zohaitoh" {Fly rN+ Dex+4}
 81316 | Coc:7    | Got an icy rune of Zot
 81325 | Coc:7    | Identified the +4 pair of boots of the Apprentice {Will+
                  | Stlth+}
 81482 | Hell     | Upgraded the game from 0.31-a0-536-ga3e2962e35 to
                  | 0.31-a0-542-gdc2a67831c
 81960 | Tomb:1   | Entered Level 1 of the Tomb of the Ancients
 82107 | Tomb:1   | Noticed a royal mummy
 82109 | Tomb:1   | Killed a royal mummy
 82393 | Tomb:1   | Noticed a royal mummy
 82393 | Tomb:1   | Noticed a royal mummy
 82393 | Tomb:1   | Noticed a royal mummy
 82394 | Tomb:1   | Killed a royal mummy
 82394 | Tomb:1   | Noticed a royal mummy
 82395 | Tomb:1   | Killed a royal mummy
 82395 | Tomb:1   | Killed a royal mummy
 82396 | Tomb:1   | Killed a royal mummy
 82396 | Tomb:1   | Noticed a royal mummy
 82396 | Tomb:1   | Noticed a royal mummy
 82397 | Tomb:1   | Noticed a royal mummy
 82774 | Tomb:1   | Killed a royal mummy
 82783 | Tomb:1   | Noticed a royal mummy
 82786 | Tomb:1   | Killed a royal mummy
 82788 | Tomb:1   | Reached skill level 27 in Conjurations
 82918 | Tomb:1   | Killed a royal mummy
 82939 | Tomb:1   | Noticed a royal mummy
 82941 | Tomb:1   | Killed a royal mummy
 82948 | Tomb:1   | Killed a royal mummy
 82966 | Tomb:1   | Killed a royal mummy
 82967 | Tomb:1   | Reached skill level 15 in Dodging
 83302 | Tomb:1   | Noticed a royal mummy
 83304 | Tomb:1   | Killed a royal mummy
 83404 | Tomb:1   | Noticed a royal mummy
 83405 | Tomb:1   | Killed a royal mummy
 83408 | Tomb:1   | Killed a royal mummy
 83411 | Tomb:1   | Killed a royal mummy
 83411 | Tomb:1   | Noticed a royal mummy
 83412 | Tomb:1   | Killed a royal mummy
 83412 | Tomb:1   | Killed a royal mummy
 83450 | Tomb:1   | Noticed a royal mummy
 83452 | Tomb:1   | Killed a royal mummy
 83553 | Tomb:1   | Noticed a royal mummy
 83557 | Tomb:1   | Killed a royal mummy
 83689 | Tomb:1   | Noticed a royal mummy
 83699 | Tomb:1   | Killed a royal mummy
 83699 | Tomb:1   | Killed a royal mummy
 83775 | Tomb:2   | Noticed a royal mummy
 83775 | Tomb:2   | Noticed a royal mummy
 83775 | Tomb:2   | Noticed a royal mummy
 83776 | Tomb:2   | Noticed a royal mummy
 83777 | Tomb:2   | Killed a royal mummy
 83779 | Tomb:2   | Killed a royal mummy
 83779 | Tomb:2   | Killed a royal mummy
 83779 | Tomb:2   | Killed a royal mummy
 84931 | Tomb:3   | Entered Level 3 of the Tomb of the Ancients
 84990 | Tomb:3   | Noticed a royal mummy
 84990 | Tomb:3   | Killed a royal mummy
 84992 | Tomb:3   | Killed a royal mummy
 84997 | Tomb:3   | Killed a royal mummy
 85004 | Tomb:3   | Noticed a royal mummy
 85005 | Tomb:3   | Killed a royal mummy
 85008 | Tomb:3   | Killed a royal mummy
 85009 | Tomb:3   | Killed Boris
 85010 | Tomb:3   | Killed a royal mummy
 85405 | Tomb:3   | Noticed a royal mummy
 85408 | Tomb:3   | Killed a royal mummy
 85415 | Tomb:3   | Noticed a royal mummy
 85417 | Tomb:3   | Noticed a royal mummy
 85418 | Tomb:3   | Killed a royal mummy
 85419 | Tomb:3   | Killed a royal mummy
 85551 | Tomb:3   | Acquired 1155 gold pieces
 85590 | Tomb:3   | Got a golden rune of Zot
 85669 | Tomb:3   | Identified the amulet of Mov Ekle {Spirit +Blink rElec rF-
                  | Regen+}
 85673 | Tomb:3   | Identified the staff of Terra Cotta {rC+ rN+ Int+3 Dex-2
                  | Ice}
 85674 | Tomb:3   | Identified the +5 arbalest of Qataucem {freeze, rN+++ rCorr
                  | Int-4 Dex+3}
 85675 | Tomb:3   | Identified the +1 ring mail "Cytoaz" {Int+4}
 85679 | Tomb:3   | Identified the +0 pair of gloves of Asceticism {rElec}
 85799 | Tomb:3   | Identified the +6 trident "Ros Kohi" {venom, Int+3}
 85805 | Tomb:3   | Identified the +1 falchion of Lotait {pain, +Blink Int+4}
 86780 | Zot:5    | Got the Orb of Zot
 86783 | Zot:5    | Noticed Warhic the pandemonium lord
 86787 | Zot:5    | Killed Warhic the pandemonium lord
 87400 | D:$      | Escaped with the Orb!

Illustrated notes

Levels and vault maps discovered:
D:1:      dpeg_arrival_three_same_balls, layout_loops_ring,
          kennysheep_decorative_pillar
D:2:      layout_basic, serial_shops, shop
D:3:      layout_basic, old_standard_altar, gammafunk_ghost_grave, uniq_jessica
D:4:      layout_rooms, amethyst_overflow_temple_binary, serial_shops,
          nicolae_shop_tiny_glass, uniq_sigmund
D:5:      layout_basic, lemuel_temple_firewalk_a
D:6:      layout_gridville, elyvilon_altar_4, serial_shops, shop
D:7:      layout_loops_ring, minmay_small_thing
D:8:      layout_cave_pools
D:9:      layout_loops_ring, mainiacjoe_overflow_catwalk,
          lemuel_mausoleum_altar_kikubaaqudgha, jmf_multi_god_temple,
          minmay_checkerbox
D:10:     layout_loops_ring, overflow_temple_1_default,
          grunt_lair_entry_orc_guard_hut
D:11:     layout_cave_pools, gauntlet_entry_generic, minmay_variable_closet,
          uniq_grum
D:12:     layout_rooms, minmay_orc_entry_temple_small,
          gammafunk_ghost_hydra_chop, serial_shops, shop
D:13:     minmay_isolated_rectangles_in_corner, layout_basic,
          small_chamber_with_monster
D:14:     minmay_statue_hallways, layout_stronghold, david_vaults_4,
          chequers_serial_rivers_micro_d, gammafunk_ghost_cemetery,
          portal_ice_cave_entry_pillars_four, kennysheep_cross_room
D:15:     hangedman_depths_entry_try_elsewhere_first, layout_stronghold,
          chequers_serial_rivers_micro_c, dispersion_dpeg
Temple:   hellmonk_temple_forest_ring
Lair:1:   layout_concentric_octagons
Lair:2:   layout_regular_city, basic_altar, grunt_megastairs_4
Lair:3:   layout_gridlike, nicolae_shoals_entry_roost,
          minmay_snake_entry_guardpost_large
Lair:4:   layout_hall_layers, gammafunk_ghost_split,
          grunt_forest_large_clearings, infiniplex_staircase_pool,
          grunt_megastairs_1, serial_bayou_shore_a
Lair:5:   grunt_lair_end_beastmaster, layout_loops_ring, slime_entry_1,
          grunt_forest_large_clearing_hut, infiniplex_staircase_pool_2
Shoals:1: layout_shoals, serial_shops, shop, nicolae_shop_dealshenge, shop,
          nzn_prometheus_bound
Shoals:2: layout_shoals, gammafunk_ghost_wrathful_warriors,
          nicolae_shop_gadgets, uniq_nikola
Shoals:3: layout_shoals, uniq_polyphemus
Shoals:4: shoals_end_grunt_ice, layout_shoals
Snake:1:  layout_honeycomb, grunt_ministairs_2, grunt_megastairs_3
Snake:2:  layout_honeycomb, st_stairs_7, lightli_airlock
Snake:3:  layout_onion, basic_altar, st_stairs_7, nicolae_snake_gridmaze_tees,
          uniq_vashnia
Snake:4:  johnstein_snake_rune_scales, layout_cave_town, serial_bayou_shore_b
Slime:1:  layout_caves
Slime:2:  layout_caves
Slime:3:  layout_caves
Slime:4:  layout_caves
Slime:5:  slime_pit_nicolae_jellycorners
Orc:1:    hellmonk_paralyzer, layout_diamond_mine, serial_shops, shop
Orc:2:    st_orc_mages, layout_diamond_mine
Elf:1:    nicolae_elf_arrival_aired_out, layout_loops_corners,
          ploomutoo_gammafunk_ghost_potion_laboratory, basic_altar,
          minmay_elf_necromancy, uniq_aizul
Elf:2:    elven_hall_of_blades_hangedman_alternative
          [nicolae_blade_entry_sentries_behind_glass], layout_geoelf_diagonals,
          serial_glass, glass_columns_a, glass_columns_b, item_on_display_a,
          minmay_strange_pillars, minmay_strange_pillars, minmay_shoptagon
Elf:3:    minmay_elf_hall_circle, layout_gridlike, basic_altar, serial_shops,
          shop, elves_outpost_lemuel
Vaults:1: nicolae_vaults_network_periphery, nicolae_vaults_six-pack,
          grunt_vaults_trifunnel, v_alt_pattern_2,
          nicolae_vaults_disappearing_quadrants,
          nicolae_vaults_door_testing_chamber, vaults_dpeg_encased_lava,
          hangedman_vaults_river_flow, vaults_room_door_ring, vaults_dpeg_hooks,
          ontoclasm_vaults_fault, grunt_vaults_hallway_short,
          ontoclasm_vaults_twist, nicolae_vaults_trapezoid_1,
          layout_vaults_omnibox, serial_shops, statue_bzr
Vaults:2: gammafunk_ghost_arena, nicolae_vaults_quadrants, v_misc_27, v_misc_14,
          nicolae_vaults_doubleplus_tesselated, nicolae_vaults_ninety_degrees,
          hangedman_vaults_cutoff, nicolae_vaults_double_plus_3,
          ontoclasm_vaults_ligature, grunt_vaults_diagonal,
          nicolae_vaults_variable_pillar_hall, vaults_room_pools,
          nicolae_vaults_surprise_closet, layout_vaults_omnigrid
Vaults:3: hangedman_vaults_restitches, vaults_room_glass_cross,
          ontoclasm_vaults_ring_square, nicolae_vaults_trapezoid_1,
          minmay_crypt_entry_simple_corners, grunt_vaults_hallway_short,
          nicolae_vaults_stairing_the_circle, v_misc_31, nicolae_vaults_meiosis,
          nicolae_vaults_little_ls, nicolae_vaults_mini_display_case,
          vaults_mumra_hexcomb, v_misc_16, nicolae_vaults_specimen_jars,
          nicolae_vaults_tetromino_L_1, layout_vaults_omnicross, uniq_zenata
Vaults:4: nicolae_vaults_storage_closets_3, nicolae_vaults_loss_of_containment,
          nicolae_vaults_oval_intersection, v_misc_1,
          nicolae_vaults_tetromino_T_2, nicolae_vaults_six-pack,
          nicolae_vaults_weapon_check, v_misc_27, hangedman_vaults_stagger,
          nicolae_vaults_little_squares_6, nicolae_vaults_tetromino_T_1,
          nicolae_vaults_ring_of_whatevers, vaults_dpeg_diagonal,
          layout_vaults_ring
Vaults:5: uniq_margery
Crypt:1:  layout_rooms, uniq_grunn
Crypt:2:  layout_gridlike, door_vault, uniq_xtahua
Crypt:3:  grunt_crypt_end_deaths_head
Tomb:1
Tomb:2
Tomb:3
Depths:1: layout_honeycomb, abyss_entry_small_statue_room, pf_coc_iceberg,
          grunt_ministairs_6, kennysheep_underground_church, minmay_shop_grove,
          grunt_megastairs_2
Depths:2: minmay_cut_squares, layout_honeycomb, pan_entry, bloody_trog,
          lightli_too_deep, hex_subvault_narrow, infiniplex_staircase_star
Depths:3: kennysheep_bubble_arena, layout_gridlike, enter_ziggurat_e,
          roderic_serpentine_path, serial_shops,
          nicolae_shop_tiny_statue_garden, shop, abyss_entry_crystal, hell_entry
Depths:4: evilmike_zot_entry_castle, layout_gridlike, nicolae_two_hexagons,
          abyss_entry, pan_entry, hell_entry, ebering_ghost_inner_flame,
          uniq_boris
Hell
Coc:1:    layout_cocytus_delve, serial_ice, serial_ice_h, serial_ice_n,
          serial_ice_a
Coc:2:    layout_ice_bergs
Coc:3:    layout_cocytus_delve
Coc:4:    layout_cocytus_water_paths
Coc:5:    layout_cocytus_delve
Coc:6:    nicolae_coc_city_of_iceburg
Coc:7:    coc_grunt_cove [coc_grunt_cove_antaeus, coc_grunt_cove_fiend,
          coc_grunt_cove_fiend, coc_grunt_cove_fiend, coc_grunt_cove_fiend]
Zot:1:    layout_cathedral_of_symmetry
Zot:2:    grunt_deathspiral_small, layout_onion
Zot:3:    layout_twisted_circle
Zot:4:    layout_cathedral_of_symmetry, grunt_megastairs_5, uniq_josephina
Zot:5:    layout_misc_corridors, st_stairs_2, lemuel_baited_zot_trap

Skill      XL: |  1  2  3  4  5  6  7  8  9 10 11 12 13 14 15 16 17 18 19 20 21 22 23 24 25 26 27 |
---------------+----------------------------------------------------------------------------------+-----
Earth Magic    | 4 5 6 7 8 9 10 11 12 13 14 15 16 17 19 20 21 22 27 | 27.0
Spellcasting   | 3 4 5 6 7 8 9 10 11 12 13 14 15 16 17 19 20 21 22 23 27 | 27.0
Conjurations   | 1 2 3 4 5 6 7 8 9 10 11 12 13 14 15 16 17 18 19 27 | 27.0
Fighting       | 1 2 3 4 5 7 8 9 10 18 | 18.7
Staves         | 1 2 3 4 5 6 7 8 9 10 11 12 | 12.0
Dodging        | 2 3 4 5 6 7 8 9 10 15 | 15.6
Evocations     | 1 2 3 4 5 6 7 8 9 10 18 | 18.3
Fire Magic     | 4 6 8 9 11 12 13 14 15 17 18 19 21 22 27 | 27.0
Transmutations | 2 |  2.0
Necromancy     | 26 | 26.0
Throwing       | 17 | 17.2
Stealth        | 12 | 12.6

Action                     |  1- 3 |  4- 6 |  7- 9 | 10-12 | 13-15 | 16-18 | 19-21 | 22-24 | 25-27 || total
---------------------------+-------+-------+-------+-------+-------+-------+-------+-------+-------++-------
  Melee: Club              |     7 |     3 |       |     4 |       |       |       |       |       ||    14
         Flail             |     4 |       |       |       |       |       |       |       |       ||     4
         Long sword        |       |       |       |       |     4 |     5 |       |       |       ||     9
         Staff             |       |       |       |       |       |     3 |    23 |    17 |    57 ||   100
   Fire: Arbalest          |       |       |       |   100 |   115 |       |       |       |       ||   215
   Cast: Sandblast         |    38 |    54 |   127 |   101 |    21 |    12 |       |       |       ||   353
         Stone Arrow       |       |       |    17 |   167 |   178 |   129 |       |       |       ||   491
         Starburst         |       |       |       |       |    44 |    16 |    18 |     1 |     6 ||    85
         Fireball          |       |       |       |       |   129 |   245 |    82 |    84 |   111 ||   651
         Lee's Rapid Decon |       |       |       |       |       |    49 |    46 |   124 |   251 ||   470
         Leda's Unmaking   |       |       |       |       |       |    94 |   123 |   151 |   314 ||   682
         Passwall          |       |       |       |       |       |     6 |     3 |     2 |    12 ||    23
         Ignition          |       |       |       |       |       |     3 |    25 |    24 |    31 ||    83
         Shatter           |       |       |       |       |       |       |     2 |    53 |   188 ||   243
         Lehudib's Crystal |       |       |       |       |       |       |       |    14 |    52 ||    66
         Irradiate         |       |       |       |       |       |       |       |     1 |       ||     1
         Fire Storm        |       |       |       |       |       |       |       |    10 |   677 ||   687
         Apportation       |       |       |       |       |       |       |       |       |   146 ||   146
         Death's Door      |       |       |       |       |       |       |       |       |     3 ||     3
  Evoke: Wand              |       |       |     2 |     3 |     6 |     7 |     1 |     2 |       ||    21
         Condenser vane    |       |       |       |       |     1 |       |       |       |       ||     1
         Lightning rod     |       |       |       |       |       |       |       |       |     1 ||     1
    Use: Scroll            |       |     5 |    13 |     2 |     8 |     8 |       |     2 |    25 ||    63
         Potion            |       |       |     1 |     2 |     2 |       |     1 |     3 |    34 ||    43
 Armour: Robe              |     6 |     9 |    17 |    70 |     3 |    83 |    33 |    33 |    90 ||   344
         Steam dragon scal |       |       |       |    34 |   122 |       |       |       |       ||   156
  Dodge: Dodged            |    17 |    15 |    53 |   158 |   114 |    89 |    37 |    52 |   128 ||   663

Table legend: (Time is in decaauts)
 A = Elapsed time spent in this place.
 B = Non-inter-level travel time spent in this place.
 C = Inter-level travel time spent in this place.
 D = Time resting spent in this place.
 E = Time spent auto-exploring this place.
 F = Levels seen in this place.
 G = Mean time per level.
                   A        B        C        D        E       F      G
               +--------+--------+--------+--------+--------+-----+--------+
         Total |  87846 |  73095 |  14751 |  21407 |   8290 | 113 |  777.4 |
       Dungeon |  18627 |  13731 |   4896 |   3600 |   1371 |  15 | 1241.8 |
        Temple |     30 |      5 |     25 |      0 |      0 |   1 |   30.0 |
          Lair |   8224 |   6971 |   1253 |   3581 |    272 |   5 | 1644.8 |
        Shoals |   4098 |   3817 |    281 |    986 |    669 |   4 | 1024.5 |
     Snake Pit |   4758 |   4428 |    330 |   1605 |    209 |   4 | 1189.5 |
    Slime Pits |   2988 |   2580 |    408 |    474 |   1563 |   5 |  597.6 |
  Orcish Mines |   1835 |   1327 |    508 |    158 |    389 |   2 |  917.5 |
   Elven Halls |   4136 |   3371 |    765 |    791 |    477 |   3 | 1378.7 |
        Vaults |   8842 |   7074 |   1768 |   1850 |   1117 |   5 | 1768.4 |
         Crypt |   2667 |   2155 |    512 |    325 |    285 |   3 |  889.0 |
          Tomb |   4080 |   3580 |    500 |   2004 |    207 |   3 | 1360.0 |
        Depths |   7269 |   4889 |   2380 |   1213 |    941 |   4 | 1817.2 |
          Hell |   1101 |    816 |    285 |     86 |     47 |   1 | 1101.0 |
       Cocytus |   1654 |   1622 |     32 |    547 |     26 |   7 |  236.3 |
           Zot |   6508 |   5707 |    801 |   1458 |    592 |   5 | 1301.6 |
         Abyss |    378 |    378 |      0 |     47 |      0 |   5 |   75.6 |
   Pandemonium |   6888 |   6888 |      0 |   1579 |     62 |  11 |  626.2 |
      Ziggurat |   1837 |   1837 |      0 |    187 |      0 |  27 |   68.0 |
        Bazaar |     57 |     57 |      0 |      0 |      0 |   1 |   57.0 |
      Ice Cave |   1092 |   1092 |      0 |    628 |     63 |   1 | 1092.0 |
      Gauntlet |    767 |    767 |      0 |    286 |      0 |   1 |  767.0 |
               +--------+--------+--------+--------+--------+-----+--------+

Top non-repeatable levels by time:
Depths:4: 2652 daAuts
  Tomb:1: 2585 daAuts
  Lair:1: 2390 daAuts
Vaults:1: 2243 daAuts
    D:14: 2212 daAuts
Vaults:3: 2006 daAuts
Vaults:2: 1966 daAuts
Depths:1: 1929 daAuts
    D:12: 1738 daAuts
   Elf:1: 1667 daAuts
  Lair:5: 1666 daAuts
   Zot:2: 1623 daAuts
 Snake:2: 1602 daAuts
  Lair:3: 1566 daAuts
    D:15: 1553 daAuts
